Workbook

Sheet CK7%+1 - nước ngoài
B1: AGAPE VIET NAM CO,.LTD
C3: PHIẾU TÍNH GIÁ SENTOSA SKY PARK PRICE SHEET OF SENTOSA SKY PARK
C5: Thời gian áp dụng: Từ ngày 15/05/2024 đến khi có thông báo mới/ Application period: From 15th May 2024 to issued new policy
C7: Nhóm khách hàng/ Customer group | F7: Cá nhân
C8: Tòa nhà/ Building: | F8: CT4
B9: 1 | C9: Họ và tên khách hàng/ Full name of customer
B10: 2 | C10: Mã căn hộ số/ Condominium No. | F10: 607
B11: 3 | C11: Tầng/ Floor | F11: =IF(LEFT(F10,3)="12A","12A",IF(LEFT(F10,3)="12B","12B",IF(LEFT(F10,3)="22A","22A",IF(LEFT(F10,3)="22B","22B",IF(LEN(F10)=5,LEFT(F10,2),IF(AND(LEN(F10)=4,VALUE(LEFT(F10,3))>500),LEFT(F10,1),IF(AND(LEN(F10)=4,VALUE(LEFT(F10,3))<500),LEFT(F10,2),LEFT(F10,1)))))))) -> 6
B12: 4 | C12: Diện tích sử dụng (m2)/ Estimated Usable Area (m2) | F12: =VLOOKUP(F10,Sheet2!A5:Q608,2,0) -> 73.8
B13: 4.1 | C13: Diện tích sân vườn (m2)/ Garden area (m2) | F13: =VLOOKUP(F10,Sheet2!A5:C608,3,0) -> 0 | J13: Studio, 1PN | K13: 2PN | L13: 3PN | M13: Penthouse
B14: 5 | C14: Ký hiệu căn hộ/ Condominium No. | F14: =VLOOKUP(F10,Sheet2!A5:D608,4,0) -> B5 | I14: 1 | J14: 0 | K14: 0 | L14: 0 | M14: 0
B15: 5.1 | C15: Loại căn hộ/ Type of apartment | F15: =VLOOKUP(F10,Sheet2!A5:Q608,17,0) -> 2PN | I15: 2 | J15: 5000000 | K15: 15000000 | L15: 20000000 | M15: 30000000
B16: 6 | C16: Tổng giá trị căn hộ (đã bao gồm VAT)/ Condominium price (included VAT) | F16: =VLOOKUP(F10,Sheet2!A5:G608,5,0) -> 2906420532 | I16: 3 | J16: 10000000 | K16: 30000000 | L16: 40000000 | M16: 50000000
B17: 6.1 | C17: Giá bán thuần/ Net Sales Price | F17: =ROUND(F16/1.1,0) -> 2642200484 | J17: 10,000,000 | K17: 30000000 | L17: 40,000,000 | M17: 50,000,000
B18: 6.2 | C18: Thuế GTGT (VAT) 10% | F18: =F16-F17 -> 264220048 | J18: 10,000,000 | K18: 30000000 | L18: 40,000,000 | M18: 50,000,000
B19: 7 | C19: CHÍNH SÁCH BÁN HÀNG/ SALES POLICY | F19: =F20+F21 -> 2.3251364e+08 | I19: 4 | J19: 10000000 | K19: 30000000 | L19: 40000000 | M19: 50000000 | P19: 1PN | Q19: 2PN | R19: 3PN
B20: 7.1 | C20: Chiết khấu trực tiếp trên giá bán căn hộ/ Direct discount on the selling price of each condominium | E20: 0.07 | F20: =F16*E20 -> 2.0344944e+08 | I20: 5 | J20: 10000000 | K20: 30000000 | L20: 40000000 | M20: 50000000
B21: 7.2 | C21: Chiết khấu hỗ trợ tiền thuê (trừ trực tiếp vào giá bán căn hộ sau khi chiết khấu 7%)/ Discount rent support equivalent ( | E21: 0.01 | F21: =F16*E21 -> 29064205
B22: 7.3 | C22: Tổng số lượng căn hộ đã ký Đơn đăng ký giữ chỗ/The amount of apartment you buy | F22: 1
B23: 7.4 | C23: Chiết khấu khi mua nhiều căn hộ/ Discount when you buy a lot of aparment | F23: =IF(F15="1PN+1",VLOOKUP(F22,I14:M20,2,0),IF(F15="Studio",VLOOKUP(F22,I14:M20,2,0),IF(F15="2PN",VLOOKUP(F22,I14:M20,3,0),IF(F15="Dual Key",VLOOKUP(F22,I14:M20,3,0),IF(F15="3PN",VLOOKUP(F22,I14:M20,4,0),IF(F15="Penthouse",VLOOKUP(F22,I14:M20,5,0))))))) -> 0
B24: 8 | C24: Tổng giá bán căn hộ sau chiết khấu (đã bao gồm VAT) / Condominium price after discount (included VAT) | F24: =F16-F19 -> 2.6739069e+09 | O24: 7 | P24: 70000000 | Q24: 70000000 | R24: 90000000
B25: 8.1 | C25: Đơn giá sau chiết khấu (Không bao gồm KPBT) (Unit Price after discount - not including maintenance fee) | F25: =F24/(F12+F13) -> 36231801
B26: 8.2 | C26: Giá bán thuần sau chiết khấu (Net Sales Price after discount) | F26: =ROUND((F24-(F12+F13)*1265622.89089782)/1.1+((F12+F13)*1265622.89089782),0) -> 2439315624 | O26: 8 | P26: 70000000 | Q26: 70000000 | R26: 90000000
B27: 8.3 | C27: Thuế GTGT sau chiết khấu (VAT 10% after discount) | F27: =F24-F26 -> 2.3459127e+08 | O27: 9 | P27: 70000000 | Q27: 70000000 | R27: 90000000
B28: ※Không bao gồm phí phát hành sổ hồng / Not including pink book issuance fee
B29: STT/ No | C29: Tiến độ thanh toán/Payment progress | D29: Tỷ lệ thanh toán/ Payment rate | E29: Ngày dự kiến thanh toán / Estimated payment date | F29: Tổng số tiền thanh toán các đợt theo tiến độ (VND) / Total amount according to payment progress(VND)
B30: Đặt cọc / Deposit | C30: Khi ký Đơn đăng ký giữ chỗ/ Sign Application for Reservation ("Application") | D30: 100 triệu/ 100 millions | F30: 100000000
B31: Lần 1 1st payment | C31: Khi ký HĐMB, trong vòng 07 ngày kể từ ngày ký đơn ĐKGC/Sign CSPC, within 07 days from signing Application) | D31: 20% giá bán căn hộ (đã bao gồm VAT và tiền đặt cọc)/ 20% of sales price (included VAT and deposit) | F31: =F24*20%-F30 -> 4.3478138e+08
B32: Lần 2 2nd payment | C32: Tháng 9 năm 2024/ September 2024 | D32: 5% giá bán căn hộ (đã bao gồm VAT)/ 5% of sales price (included VAT) | E32: Không muộn hơn ngày 15/9/2024 (No later than 15th September 2024) | F32: =F24*5% -> 1.3369534e+08
B33: Lần 3 3rd payment | C33: Tháng 12 năm 2024/ December 2024 | D33: 5% giá bán căn hộ (đã bao gồm VAT) / 5% of sales price (included VAT) | E33: Không muộn hơn ngày 15/12/2024 (No later than 15th December 2024) | F33: =F24*5% -> 1.3369534e+08
B34: Lần 4 4th payment | C34: Tháng 1 năm 2025/ January 2025 | D34: 20% giá bán căn hộ (đã bao gồm VAT) / 20% of sales price (included VAT) | E34: Không muộn hơn ngày 15/1/2025 (No later than 15th January 2025) | F34: =F24*20% -> 5.3478138e+08
B35: Lần 5 5th payment | C35: Theo thông báo nhận bàn giao căn hộ (Dự kiến quý II/2025)/ According to the notice of condominiun handover (Expected 2nd Quarter 2025) | D35: (1) 50% giá bán căn hộ (đã bao gồm VAT) / 50% of sales price (included VAT) | F35: =F24*50% -> 1.3369534e+09
D36: (2) Phí bảo trì: 2% giá bán thuần căn hộ (tạm tính) / Maintenance fee: 2% of the condominum's net sales price (Temporary) | F36: =F26*2% -> 48786312
D37: Tổng số tiền nộp lần 5 Total amount of 6th payment= (1) + (2) | F37: =F35+F36 -> 1.3857398e+09
B38: TỔNG/TOTAL | F38: =F30+F31+F32+F33+F37+F34 -> 2.7226932e+09
E39: Khách hàng (Ký và ghi rõ họ tên) Customer (Sign and full name)

Sheet CS1 - CK 7%+1
B1: CÔNG TY TNHH AGAPE VIỆT NAM
C3: PHIẾU TÍNH GIÁ SENTOSA SKY PARK
C5: Thời gian áp dụng: Từ ngày 15/05/2024 đến khi có chính sách mới
C7: Nhóm khách hàng: | F7: Cá nhân
C8: Tòa nhà: | F8: CT4
B9: 1 | C9: Họ và tên khách hàng
B10: 2 | C10: Mã căn hộ số | F10: 607
B11: 3 | C11: Tầng | F11: =IF(LEFT(F10,3)="12A","12A",IF(LEFT(F10,3)="12B","12B",IF(LEFT(F10,3)="22A","22A",IF(LEFT(F10,3)="22B","22B",IF(LEN(F10)=5,LEFT(F10,2),IF(AND(LEN(F10)=4,VALUE(LEFT(F10,3))>500),LEFT(F10,1),IF(AND(LEN(F10)=4,VALUE(LEFT(F10,3))<500),LEFT(F10,2),LEFT(F10,1)))))))) -> 6
B12: 4 | C12: Diện tích sử dụng (m2) | F12: =VLOOKUP(F10,Sheet2!A5:D608,2,0) -> 73.8
B13: 4.1 | C13: Diện tích sân vườn (m2) | F13: =VLOOKUP(F10,Sheet2!A5:D608,3,0) -> 0 | J13: Studio, 1PN | K13: 2PN | L13: 3PN | M13: Penthouse
B14: 5 | C14: Ký hiệu loại căn hộ | F14: =VLOOKUP(F10,Sheet2!A5:E608,4,0) -> B5 | I14: 1 | J14: 0 | K14: 0 | L14: 0 | M14: 0
B15: 5.1 | C15: Loại căn hộ | F15: =VLOOKUP(F10,Sheet2!A5:R608,17,0) -> 2PN | I15: 2 | J15: 5000000 | K15: 15000000 | L15: 20000000 | M15: 30000000
B16: 6 | C16: Tổng giá trị căn hộ (đã bao gồm VAT) | F16: =VLOOKUP(F10,Sheet2!A5:G608,5,0) -> 2906420532 | I16: 3 | J16: 10000000 | K16: 30000000 | L16: 40000000 | M16: 50000000
B17: 6.1 | C17: Giá bán thuần (Giá trị căn hộ trước VAT) | F17: =ROUND(F16/1.1,0) -> 2642200484 | J17: 10,000,000 | K17: 30000000 | L17: 40,000,000 | M17: 50,000,000
B18: 6.2 | C18: Thuế GTGT (Thuế VAT 10%) | F18: =F16-F17 -> 264220048 | J18: 10,000,000 | K18: 30000000 | L18: 40,000,000 | M18: 50,000,000
B19: 7 | C19: CHÍNH SÁCH BÁN HÀNG | F19: =F20+F23+F21 -> 2.3251364e+08 | I19: 4 | J19: 10000000 | K19: 30000000 | L19: 40000000 | M19: 50000000 | P19: 1PN | Q19: 2PN | R19: 3PN
B20: 7.1 | C20: Chiết khấu trực tiếp trên giá bán căn hộ | E20: 0.07 | F20: =F16*7% -> 2.0344944e+08 | I20: 5 | J20: 10000000 | K20: 30000000 | L20: 40000000 | M20: 50000000
B21: 7.2 | C21: Hỗ trợ tiền thuê (trừ trực tiếp vào giá bán căn hộ sau khi chiết khấu 7%) | E21: 0.01 | F21: =F16*E21 -> 29064205
B22: 7.3 | C22: Tổng số lượng căn hộ đã ký Đơn đăng ký giữ chỗ | F22: 1
B23: 7.4 | C23: Chiết khấu khi mua nhiều căn hộ | F23: =IF(F15="1PN+1",VLOOKUP(F22,I14:M20,2,0),IF(F15="Studio",VLOOKUP(F22,I14:M20,2,0),IF(F15="2PN",VLOOKUP(F22,I14:M20,3,0),IF(F15="Dual Key",VLOOKUP(F22,I14:M20,3,0),IF(F15="3PN",VLOOKUP(F22,I14:M20,4,0),IF(F15="Penthouse",VLOOKUP(F22,I14:M20,5,0))))))) -> 0
B24: 8 | C24: Tổng giá bán căn hộ sau chiết khấu (đã bao gồm VAT) | F24: =F16-F19 -> 2.6739069e+09 | O24: 7 | P24: 70000000 | Q24: 70000000 | R24: 90000000
B25: 8.1 | C25: Đơn giá sau chiết khấu (Không bao gồm KPBT) | F25: =F24/(F12+F13) -> 36231801
B26: 8.2 | C26: Giá bán thuần (Giá trị căn hộ trước VAT) | F26: =ROUND((F24-(F12+F13)*1265622.89089782)/1.1+((F12+F13)*1265622.89089782),0) -> 2439315624 | O26: 8 | P26: 70000000 | Q26: 70000000 | R26: 90000000
B27: 8.3 | C27: Thuế GTGT (Thuế VAT 10%) | F27: =F24-F26 -> 2.3459127e+08 | O27: 9 | P27: 70000000 | Q27: 70000000 | R27: 90000000
B28: ※Không bao gồm phí phát hành sổ hồng
B29: STT | C29: Tiến độ thanh toán | D29: Tỷ lệ thanh toán | E29: Ngày dự kiến thanh toán | F29: Tổng số tiền thanh toán các đợt theo tiến độ
B30: Đặt cọc | C30: Khi ký Đơn đăng ký giữ chỗ | D30: 100 triệu | F30: 100000000
B31: Đợt 1 | C31: Ký Hợp đồng mua bán, trong vòng 07 ngày kể từ ngày ký đơn ĐKGC | D31: 20% giá bán căn hộ (đã bao gồm VAT) | F31: =ROUND(F24*20%,0)-F30 -> 434781378
B32: Đợt 2 | C32: Không muộn hơn ngày 15/09/2024 | D32: 5% giá bán căn hộ (đã bao gồm VAT) | F32: =ROUND(F24*5%,0) -> 133695344
B33: Đợt 3 | C33: Không muộn hơn ngày 15/12/2024 | D33: 5% giá bán căn hộ (đã bao gồm VAT) | F33: =ROUND(F24*5%,0) -> 133695344
B34: Đợt 4 | C34: Không muộn hơn ngày 15/1/2025 | D34: 20% giá bán căn hộ (bao gồm VAT) | F34: =ROUND(F24*20%,0) -> 534781378
B35: Đợt 5 | C35: Theo thông báo nhận bàn giao căn hộ | D35: (1) 45% giá bán căn hộ (đã bao gồm VAT) | E35: Dự kiến quý II/2025 | F35: =ROUND(F24*45%,0) -> 1203258100
D36: (2) Kinh Phí bảo trì: 2% giá trị căn hộ (tạm tính) | F36: =ROUND(F26*2%,0) -> 48786312
D37: Tổng số tiền nộp lần 6 = (1) + (2) | F37: =F35+F36 -> 1252044412
B38: Đợt 6 | C38: Khi khách hàng nhận bìa hồng (Dự kiến quý II/2026) | D38: 5% giá bán căn hộ (đã bao gồm VAT) | E38: Dự kiến quý II/2026 | F38: =ROUND(F24*5%,0) -> 133695344
B39: TỔNG | F39: =ROUND((F30+F31+F32+F33+F34+F35+F36+F38),0) -> 2722693200
B40: ĐƠN GIÁ TRÊN HĐMB (BAO GỒM KPBT 2%) | F40: =ROUND(F39/(F12+F13),0) -> 36892862
E41: Khách hàng
E42: (Ký và ghi rõ họ tên)

Sheet CK7% - MUA TẠI SK
B1: CÔNG TY TNHH AGAPE VIỆT NAM
C3: PHIẾU TÍNH GIÁ SENTOSA SKY PARK
C5: Thời gian áp dụng: Từ ngày 01/09/2023 đến khi có chính sách mới
C7: Nhóm khách hàng: | F7: Cá nhân
C8: Tòa nhà: | F8: CT4
B9: 1 | C9: Họ và tên khách hàng
B10: 2 | C10: Mã căn hộ số | F10: 12B19 | G10: b
B11: 3 | C11: Tầng | F11: =IF(LEFT(F10,3)="12A","12A",IF(LEFT(F10,3)="12B","12B",IF(LEFT(F10,3)="22A","22A",IF(LEFT(F10,3)="22B","22B",IF(LEN(F10)=5,LEFT(F10,2),IF(AND(LEN(F10)=4,VALUE(LEFT(F10,3))>500),LEFT(F10,1),IF(AND(LEN(F10)=4,VALUE(LEFT(F10,3))<500),LEFT(F10,2),LEFT(F10,1)))))))) -> 12B
B12: 4 | C12: Diện tích sử dụng (m2) | F12: =VLOOKUP(F10,Sheet2!A5:D608,2,0) -> 46.5
B13: 4.1 | C13: Diện tích sân vườn (m2) | F13: =VLOOKUP(F10,Sheet2!A5:D608,3,0) -> 0 | J13: Studio, 1PN | K13: 2PN | L13: 3PN | M13: Penthouse
B14: 5 | C14: Ký hiệu loại căn hộ | F14: =VLOOKUP(F10,Sheet2!A5:E608,4,0) -> A1 | I14: 1 | J14: 0 | K14: 0 | L14: 0 | M14: 0
B15: 5.1 | C15: Loại căn hộ | F15: =VLOOKUP(F10,Sheet2!A5:R608,15,0) -> 0 | I15: 2 | J15: 5,000,000 | K15: 15,000,000 | L15: 20,000,000 | M15: 30,000,000
B16: 6 | C16: Tổng giá trị căn hộ (đã bao gồm VAT) | F16: =VLOOKUP(F10,Sheet2!A5:G608,5,0) -> 0 | I16: 3 | J16: 10,000,000 | K16: 30,000,000 | L16: 40,000,000 | M16: 50,000,000
B17: 6.1 | C17: Giá bán thuần (Giá trị căn hộ trước VAT) | F17: =ROUND(F16/1.1,0) -> 0 | J17: 10,000,000 | K17: 30,000,000 | L17: 40,000,000 | M17: 50,000,000
B18: 6.2 | C18: Thuế GTGT (Thuế VAT 10%) | F18: =F16-F17 -> 0 | J18: 10,000,000 | K18: 30,000,000 | L18: 40,000,000 | M18: 50,000,000
B19: 7 | C19: CHÍNH SÁCH BÁN HÀNG | F19: =F20+F23+F21 -> 7000000 | I19: 4 | J19: 10,000,000 | K19: 30,000,000 | L19: 40,000,000 | M19: 50,000,000 | P19: 1PN | Q19: 2PN | R19: 3PN
B20: 7.1 | C20: Chiết khấu trực tiếp trên giá bán căn hộ | E20: 0.07 | F20: =F16*E20 -> 0 | I20: 5 | J20: 10,000,000 | K20: 30,000,000 | L20: 40,000,000 | M20: 50,000,000
B21: 7.2 | C21: Tặng 1 chỉ vàng cho khách mua tại sự kiện ngày 9/9/2023 | F21: 7000000
B22: 7.3 | C22: Tổng số lượng căn hộ đã ký Đơn đăng ký giữ chỗ | F22: 1
B23: 7.4 | C23: Chiết khấu khi mua nhiều căn hộ | F23: =IF(F15="1PN+1",VLOOKUP(F22,I14:M20,2,0),IF(F15="Studio",VLOOKUP(F22,I14:M20,2,0),IF(F15="2PN",VLOOKUP(F22,I14:M20,3,0),IF(F15="Dual Key",VLOOKUP(F22,I14:M20,3,0),IF(F15="3PN",VLOOKUP(F22,I14:M20,4,0),IF(F15="Penthouse",VLOOKUP(F22,I14:M20,5,0))))))) -> FALSE | H23: =F24-6477829840 -> -6484829840
B24: 8 | C24: Tổng giá bán căn hộ sau chiết khấu (đã bao gồm VAT) | F24: =F16-F19 -> -7000000 | O24: 7 | P24: 70000000 | Q24: 70000000 | R24: 90000000
B25: 8.1 | C25: Đơn giá (Không bao gồm KPBT) | F25: =F24/(F12+F13) -> -150537.63
B26: 8.2 | C26: Giá bán thuần (Giá trị căn hộ trước VAT) | F26: =ROUND((F24-(F12+F13)*1265622.89089782)/1.1+((F13+F12)*1265622.89089782),0) -> -1013503 | O26: 8 | P26: 70000000 | Q26: 70000000 | R26: 90000000
B27: 8.3 | C27: Thuế GTGT (Thuế VAT 10%) | F27: =F24-F26 -> -5986497 | O27: 9 | P27: 70000000 | Q27: 70000000 | R27: 90000000
B28: ※Không bao gồm phí phát hành sổ hồng
B29: STT | C29: Tiến độ thanh toán | D29: Tỷ lệ thanh toán | E29: Ngày dự kiến thanh toán | F29: Tổng số tiền thanh toán các đợt theo tiến độ
B30: Đặt cọc | C30: Khi ký Đơn đăng ký giữ chỗ | D30: 100 triệu | F30: 100000000
B31: Đợt 1 | C31: Khi ký Văn bản thỏa thuận đặt cọc, trong vòng 07 ngày kể từ ngày ký đơn ĐKGC | D31: 10% giá bán căn hộ (đã bao gồm VAT) | F31: =ROUND(F24*10%,0)-F30 -> -100700000
B32: Đợt 2 | C32: Trong vòng 30 ngày, kể từ ngày ký TTĐC | D32: 5% giá bán căn hộ (đã bao gồm VAT) | F32: =ROUND(F24*5%,0) -> -350000
B33: Đợt 3 | C33: Khi có thông báo nộp tiền và ký HĐMB | D33: 5% giá bán căn hộ (đã bao gồm VAT) | E33: dự kiến Quý IV/2023 | F33: =ROUND(F24*5%,0) -> -350000
B34: Đợt 4 | C34: Tháng 6/2024 | D34: 5% giá bán căn hộ (đã bao gồm VAT) | E34: (Không muộn hơn ngày 15/06/2024) | F34: =ROUND(F24*5%,0) -> -350000
B35: Đợt 5 | C35: Tháng 12/2024 | D35: 5% giá bán căn hộ (đã bao gồm VAT) | E35: (Không muộn hơn ngày 15/12/2024) | F35: =ROUND(F24*5%,0) -> -350000
B36: Đợt 6 | C36: Tháng 1/2025 | D36: 20% giá bán căn hộ (bao gồm VAT) | E36: (Không muộn hơn ngày 15/01/2025) | F36: =ROUND(F24*20%,0) -> -1400000
B37: Đợt 7 | C37: Theo thông báo nhận bàn giao căn hộ | D37: (1) 45% giá bán căn hộ (đã bao gồm VAT) | E37: Dự kiến quý II/2025 | F37: =ROUND(F24*45%,0) -> -3150000
D38: (2) Kinh Phí bảo trì: 2% giá trị căn hộ (tạm tính) | F38: =ROUND(F26*2%,0) -> -20270
D39: Tổng số tiền nộp lần 6 = (1) + (2) | F39: =F37+F38 -> -3170270
B40: Đợt 8 | C40: Khi khách hàng nhận bìa hồng (Dự kiến quý II/2026) | D40: 5% giá bán căn hộ (đã bao gồm VAT) | E40: Dự kiến quý II/2026 | F40: =ROUND(F24*5%,0) -> -350000
B41: TỔNG/TOTAL | F41: =ROUND((F30+F31+F32+F33+F34+F35+F36+F37+F38+F40),0) -> -7020270
E43: Khách hàng
E44: (Ký và ghi rõ họ tên)

Sheet CS 2 -Vay NH bản in khách ký
B1: CÔNG TY TNHH AGAPE VIỆT NAM
C3: PHIẾU TÍNH GIÁ SENTOSA SKY PARK
C5: Thời gian áp dụng: Từ ngày 15/05/2023 đến khi có chính sách mới
B7: Phương án 2: Hỗ trợ lãi suất ngân hàng trong 18 tháng
C8: Nhóm khách hàng: | H8: Cá nhân
C9: Tòa nhà: | H9: CT4
B10: 1 | C10: Họ và tên khách hàng
B11: 2 | C11: Mã căn hộ số | E11: 607
B12: 3 | C12: Tầng | E12: =IF(LEFT(E11,3)="12A","12A",IF(LEFT(E11,3)="12B","12B",IF(LEFT(E11,3)="22A","22A",IF(LEFT(E11,3)="22B","22B",IF(LEN(E11)=5,LEFT(E11,2),IF(AND(LEN(E11)=4,VALUE(LEFT(E11,3))>500),LEFT(E11,1),IF(AND(LEN(E11)=4,VALUE(LEFT(E11,3))<500),LEFT(E11,2),LEFT(E11,1)))))))) -> 6
B13: 4 | C13: Diện tích sử dụng (m2) | E13: =VLOOKUP(E11,Sheet2!A5:D608,2,0) -> 73.8
B14: 4.1 | C14: Diện tích sân vườn (m2) | F14: =VLOOKUP(E11,Sheet2!A5:D608,3,0) -> 0 | L14: Studio, 1PN | M14: 2PN | N14: 3PN | O14: Penthouse
B15: 5 | C15: Ký hiệu loại căn hộ | E15: =VLOOKUP(E11,Sheet2!A5:E608,4,0) -> B5 | K15: 1 | L15: 0 | M15: 0 | N15: 0 | O15: 0
B16: 5.1 | C16: Loại căn hộ | E16: =VLOOKUP(E11,Sheet2!A5:R608,17,0) -> 2PN | K16: 2 | L16: 5000000 | M16: 15000000 | N16: 20000000 | O16: 30000000
B17: 6 | C17: Tổng giá trị căn hộ (đã bao gồm VAT) | E17: =VLOOKUP(E11,Sheet2!A5:G608,5,0) -> 2906420532 | K17: 3 | L17: 10000000 | M17: 30000000 | N17: 40000000 | O17: 50000000
B18: 6.1 | C18: Giá bán thuần (Giá trị căn hộ trước VAT) | H18: =ROUND(E17/1.1,0) -> 2642200484 | L18: 10,000,000 | M18: 30000000 | N18: 40,000,000 | O18: 50,000,000
B19: 6.2 | C19: Thuế GTGT (Thuế VAT 10%) | H19: =E17-H18 -> 264220048 | L19: 10,000,000 | M19: 30000000 | N19: 40,000,000 | O19: 50,000,000
B20: 7 | C20: CHÍNH SÁCH BÁN HÀNG | K20: 4 | L20: 10000000 | M20: 30000000 | N20: 40000000 | O20: 50000000 | R20: 1PN | S20: 2PN | T20: 3PN
B21: 7.1 | C21: Tổng số lượng căn hộ đã ký Đơn đăng ký giữ chỗ | E21: 1 | K21: 5 | L21: 10000000 | M21: 30000000 | N21: 40000000 | O21: 50000000
B22: 7.2 | C22: Chiết khấu khi mua nhiều căn hộ | E22: =IF(E16="1PN+1",VLOOKUP(E21,K15:O20,2,0),IF(E16="Studio",VLOOKUP(E21,K15:O20,2,0),IF(E16="2PN",VLOOKUP(E21,K15:O20,3,0),IF(E16="Dual Key",VLOOKUP(E21,K15:O20,3,0),IF(E16="3PN",VLOOKUP(E21,K15:O20,4,0),IF(E16="Penthouse",VLOOKUP(E21,K15:O20,5,0))))))) -> 0
B23: 8 | C23: Tổng giá bán căn hộ sau chiết khấu (đã bao gồm VAT) | E23: =E17-E20 -> 2906420532 | Q23: 7 | R23: 70000000 | S23: 70000000 | T23: 90000000
B24: 8.1 | C24: Đơn giá | E24: =E23/(E13+F14) -> 39382392
B25: 8.2 | C25: Giá bán thuần (Giá trị căn hộ trước VAT) | E25: =ROUND((E23-(E14+F13)*1265622.89089782)/1.1+((E14+F13)*1265622.89089782),0) -> 2642200484 | Q25: 8 | R25: 70000000 | S25: 70000000 | T25: 90000000
B26: 8.3 | C26: Thuế GTGT (Thuế VAT 10%) | E26: =E23-E25 -> 264220048 | Q26: 9 | R26: 70000000 | S26: 70000000 | T26: 90000000
B27: ※Không bao gồm phí phát hành sổ hồng
B28: STT | C28: Tiến độ thanh toán | D28: Tỷ lệ thanh toán | E28: Ngày dự kiến thanh toán | F28: Vốn tự có | G28: Ngân hàng giải ngân | H28: Tổng số tiền thanh toán các đợt theo tiến độ
B29: Đặt cọc | C29: Khi ký Đơn đăng ký giữ chỗ | D29: 100 triệu | F29: 100000000 | H29: =F29+G29 -> 100000000
B30: Đợt 1 | C30: Khi ký Hợp đồng mua bán, trong vòng 07 ngày kể từ ngày ký đơn ĐKGC | D30: 20% giá bán căn hộ (đã bao gồm VAT) | F30: =E23*20%-F29 -> 4.8128411e+08 | H30: =F30+G30 -> 4.8128411e+08
B31: Đợt 2 | C31: Tháng 9/2024 (Không muộn hơn ngày 15/09/2024) | D31: 5% giá bán căn hộ (đã bao gồm VAT) | F31: =E23*5% -> 1.4532103e+08 | H31: =F31+G31 -> 1.4532103e+08
B32: Đợt 3 | C32: Tháng 12/2024 (Không muộn hơn ngày 15/12/2024) | D32: 5% giá bán căn hộ (đã bao gồm VAT) | G32: =E23*5% -> 1.4532103e+08 | H32: =F32+G32 -> 1.4532103e+08
B33: Đợt 4 | C33: Tháng 1/2025 (Không muộn hơn ngày 15/01/2025) | D33: 20% giá bán căn hộ (bao gồm VAT) | G33: =E23*20% -> 5.8128411e+08 | H33: =F33+G33 -> 5.8128411e+08
B34: Đợt 5 | C34: Theo thông báo nhận bàn giao căn hộ (Dự kiến quý II/2025) | D34: (1) 45% giá bán căn hộ (đã bao gồm VAT) | F34: =E23*5% -> 1.4532103e+08 | G34: =E23*40% -> 1.1625682e+09 | H34: =F34+G34 -> 1.3078892e+09
D35: (2) Kinh Phí bảo trì: 2% giá trị căn hộ (tạm tính) | F35: =ROUND(E25*2%,0) -> 52844010 | H35: =F35+G35 -> 52844010
D36: Tổng số tiền nộp lần 6 = (1) + (2) | H36: =H34+H35 -> 1.3607332e+09
B37: Đợt 6 | C37: Khi khách hàng nhận bìa hồng (Dự kiến quý II/2026) | D37: 5% giá bán căn hộ (đã bao gồm VAT) | E37: Dự kiến quý II/2026 | G37: =E23*5% -> 1.4532103e+08 | H37: =F37+G37 -> 1.4532103e+08
B38: TỔNG/TOTAL | H38: =ROUND((H29+H30+H31+H32+H33+H34+H35+H37),0) -> 2959264542
E40: Khách hàng
E41: (Ký và ghi rõ họ tên)

Sheet CS2 - Tính chi phí NH
B1: CÔNG TY TNHH AGAPE VIỆT NAM
C3: PHIẾU TÍNH GIÁ SENTOSA SKY PARK
C5: Thời gian áp dụng: Từ ngày 15/05/2024 đến khi có chính sách mới
C7: Nhóm khách hàng: | H7: Cá nhân
C8: Tòa nhà: | H8: CT4
B9: 1 | C9: Họ và tên khách hàng
B10: 2 | C10: Mã căn hộ số | E10: 607
B11: 3 | C11: Tầng | E11: =IF(LEFT(E10,3)="12A","12A",IF(LEFT(E10,3)="12B","12B",IF(LEFT(E10,3)="22A","22A",IF(LEFT(E10,3)="22B","22B",IF(LEN(E10)=5,LEFT(E10,2),IF(AND(LEN(E10)=4,VALUE(LEFT(E10,3))>500),LEFT(E10,1),IF(AND(LEN(E10)=4,VALUE(LEFT(E10,3))<500),LEFT(E10,2),LEFT(E10,1)))))))) -> 6
B12: 4 | C12: Diện tích sử dụng (m2) | E12: =VLOOKUP(E10,Sheet2!A5:D608,2,0) -> 73.8
B13: 4.1 | C13: Diện tích sân vườn (m2) | F13: =VLOOKUP(E10,Sheet2!A5:D608,3,0) -> 0 | L13: Studio, 1PN | M13: 2PN | N13: 3PN | O13: Penthouse
B14: 5 | C14: Ký hiệu loại căn hộ | E14: =VLOOKUP(E10,Sheet2!A5:E608,4,0) -> B5 | K14: 1 | L14: 0 | M14: 0 | N14: 0 | O14: 0
B15: 5.1 | C15: Loại căn hộ | E15: =VLOOKUP(E10,Sheet2!A5:Q608,17,0) -> 2PN | K15: 2 | L15: 5000000 | M15: 15000000 | N15: 20000000 | O15: 30000000
B16: 6 | C16: Tổng giá trị căn hộ (đã bao gồm VAT) | E16: =VLOOKUP(E10,Sheet2!A5:G608,5,0) -> 2906420532 | K16: 3 | L16: 10000000 | M16: 30000000 | N16: 40000000 | O16: 50000000
B17: 6.1 | C17: Giá bán thuần (Giá trị căn hộ trước VAT) | H17: =ROUND(E16/1.1,0) -> 2642200484 | L17: 10,000,000 | M17: 30000000 | N17: 40,000,000 | O17: 50,000,000
B18: 6.2 | C18: Thuế GTGT (Thuế VAT 10%) | H18: =E16-H17 -> 264220048 | L18: 10,000,000 | M18: 30000000 | N18: 40,000,000 | O18: 50,000,000
B19: 7 | C19: CHÍNH SÁCH BÁN HÀNG | E19: =E20+F21 -> 3.1363861e+08 | K19: 4 | L19: 10000000 | M19: 30000000 | N19: 40000000 | O19: 50000000 | R19: 1PN | S19: 2PN | T19: 3PN
B20: 7'0 | C20: HTLS 0% trong vòng 18 tháng | E20: =VLOOKUP(E10,Sheet2!A5:Q608,15,0) -> 2.7294872e+08 | K20: 5 | L20: 10000000 | M20: 30000000 | N20: 40000000 | O20: 50000000
B21: 7.1 | C21: Miễn phí tất toán trước hạn 1 lần/ 1 căn | F21: =VLOOKUP(E10,Sheet2!A5:Q608,14,0) -> 40689887
B22: 7.2 | C22: Tổng số lượng căn hộ đã ký Đơn đăng ký giữ chỗ | E22: 1
B23: 7.3 | C23: Chiết khấu khi mua nhiều căn hộ | E23: =IF(E15="1PN+1",VLOOKUP(E22,K14:O20,2,0),IF(E15="Studio",VLOOKUP(E22,K14:O20,2,0),IF(E15="2PN",VLOOKUP(E22,K14:O20,3,0),IF(E15="Dual Key",VLOOKUP(E22,K14:O20,3,0),IF(E15="3PN",VLOOKUP(E22,K14:O20,4,0),IF(E15="Penthouse",VLOOKUP(E22,K14:O20,5,0))))))) -> 0
B24: 8 | C24: Tổng giá bán căn hộ sau chiết khấu (đã bao gồm VAT) | E24: =E16-E19 -> 2.5927819e+09 | Q24: 7 | R24: 70000000 | S24: 70000000 | T24: 90000000
B25: 8.1 | C25: Đơn giá | E25: =E24/(E12+F13) -> 35132546
B26: 8.2 | C26: Giá bán thuần (Giá trị căn hộ trước VAT) | E26: =ROUND((E24-(E12+F13)*1265622.89089782)/1.1+((E12+F13)*1265622.89089782),0) -> 2365565655 | Q26: 8 | R26: 70000000 | S26: 70000000 | T26: 90000000
B27: 8.3 | C27: Thuế GTGT (Thuế VAT 10%) | E27: =E24-E26 -> 2.2721627e+08 | Q27: 9 | R27: 70000000 | S27: 70000000 | T27: 90000000
B28: ※Không bao gồm phí phát hành sổ hồng | E28: NH
B29: STT | C29: Tiến độ thanh toán | D29: Tỷ lệ thanh toán | E29: Ngày dự kiến thanh toán | F29: Vốn tự có | G29: Ngân hàng giải ngân | H29: Tổng số tiền thanh toán các đợt theo tiến độ
B30: Đặt cọc | C30: Khi ký Đơn đăng ký giữ chỗ | D30: 100 triệu | F30: 100000000 | H30: =F30+G30 -> 100000000
B31: Đợt 1 | C31: Khi ký Hợp đồng mua bán, trong vòng 07 ngày kể từ ngày ký đơn ĐKGC | D31: 20% giá bán căn hộ (đã bao gồm VAT) | F31: =E24*20%-F30 -> 4.1855638e+08 | H31: =F31+G31 -> 4.1855638e+08
B32: Đợt 2 | C32: Tháng 9/2024 (Không muộn hơn ngày 15/09/2024) | D32: 5% giá bán căn hộ (đã bao gồm VAT) | F32: =E24*5% -> 1.296391e+08 | H32: =F32+G32 -> 1.296391e+08
B33: Đợt 3 | C33: Tháng 12/2024 (Không muộn hơn ngày 15/12/2024) | D33: 5% giá bán căn hộ (đã bao gồm VAT) | G33: =E24*5% -> 1.296391e+08 | H33: =F33+G33 -> 1.296391e+08
B34: Đợt 4 | C34: Tháng 1/2025 (Không muộn hơn ngày 15/01/2025) | D34: 20% giá bán căn hộ (bao gồm VAT) | G34: =E24*20% -> 5.1855638e+08 | H34: =F34+G34 -> 5.1855638e+08
B35: Đợt 5 | C35: Theo thông báo nhận bàn giao căn hộ (Dự kiến quý II/2025) | D35: (1) 45% giá bán căn hộ (đã bao gồm VAT) | F35: =E24*5% -> 1.296391e+08 | G35: =E24*40% -> 1.0371128e+09 | H35: =F35+G35 -> 1.1667519e+09
D36: (2) Kinh Phí bảo trì: 2% giá trị căn hộ (tạm tính) | F36: =ROUND(E26*2%,0) -> 47311313 | H36: =F36+G36 -> 47311313
D37: Tổng số tiền nộp lần 6 = (1) + (2) | H37: =H35+H36 -> 1.2140632e+09
B38: Đợt 6 | C38: Khi khách hàng nhận bìa hồng (Dự kiến quý II/2026) | D38: 5% giá bán căn hộ (đã bao gồm VAT) | E38: Dự kiến quý II/2026 | G38: =E24*5% -> 1.296391e+08 | H38: =F38+G38 -> 1.296391e+08
B39: TỔNG | H39: =ROUND((H30+H31+H32+H33+H34+H35+H36+H38),0) -> 2640093237
B40: ĐƠN GIÁ SAU CHIẾT KHẨU VÀ ĐÃ BAO GỒM KPBT | H40: =ROUND(H39/(E12+F13),0) -> 35773621
E41: Khách hàng
E42: (Ký và ghi rõ họ tên)

Sheet Sheet3
A1: BẢNG TÍNH TOÁN DỰ ÁN SENTOSA
A2: Tiến độ thanh toán | D2: VTC | E2: Vốn vay
A3: 45261 | B3: Đợt 3 | C3: Ký HĐMB | D3: 0.2
A4: 45444 | B4: Đợt 4 | D4: 0.05
A5: 45627 | B5: Đợt 5 | E5: 0.05
A6: 45658 | B6: Đợt 6 | E6: 0.2
A7: 45809 | B7: Đợt 7 | C7: Bàn giao | D7: 0.05 | E7: 0.4
B8: Đợt 8 | C8: Làm bìa | E8: 0.05
C9: TỔNG | D9: =SUM(D3:D8) -> 0.3 | E9: =SUM(E3:E8) -> 0.7
A11: Phương án 1 | B11: CĐT chi HTLS | C11: Mốc chặn | D11: 46174 | E11: Lãi suất | F11: 0.12
C12: Studio | E12: 1PN | G12: 2PN | I12: DK | K12: 3PN | M12: Penthouse
C13: 1115804000 | D13: Tiền HTLS | E13: 1952060000 | F13: Tiền HTLS | G13: 2956112000 | H13: Tiền HTLS | I13: 2908717143 | J13: Tiền HTLS | K13: 3576065000 | L13: Tiền HTLS | M13: 7733133000 | N13: Tiền HTLS
A14: 45261 | B14: Đợt 3
A15: 45444 | B15: Đợt 4
A16: 45627 | B16: Đợt 5 | C16: =C13*$E$5 -> 55790200 | D16: =C16*($D$11-A16)*$F$11/365 -> 10033065 | E16: =E13*$E$5 -> 97603000 | F16: =E16*($D$11-A16)*$F$11/365 -> 17552496 | G16: =G13*$E$5 -> 147805600 | H16: =G16*($D$11-A16)*$F$11/365 -> 26580711 | I16: =I13*$E$5 -> 1.4543586e+08 | J16: =I16*($D$11-A16)*$F$11/365 -> 26154547 | K16: =K13*$E$5 -> 178803250 | L16: =K16*($D$11-A16)*$F$11/365 -> 32155193 | M16: =M13*$E$5 -> 386656650 | N16: =M16*($D$11-A16)*$F$11/365 -> 69534637
A17: 45658 | B17: Đợt 6 | C17: =C13*$E$6 -> 223160800 | D17: =C17*($D$11-A17)*$F$11/365 -> 37857854 | E17: =E13*$E$6 -> 390412000 | F17: =E17*($D$11-A17)*$F$11/365 -> 66230989 | G17: =G13*$E$6 -> 591222400 | H17: =G17*($D$11-A17)*$F$11/365 -> 1.0029724e+08 | I17: =I13*$E$6 -> 5.8174343e+08 | J17: =I17*($D$11-A17)*$F$11/365 -> 98689187 | K17: =K13*$E$6 -> 715213000 | L17: =K17*($D$11-A17)*$F$11/365 -> 1.2133148e+08 | M17: =M13*$E$6 -> 1546626600 | N17: =M17*($D$11-A17)*$F$11/365 -> 2.6237567e+08
A18: 45809 | B18: Đợt 7 | C18: =C13*$E$7 -> 446321600 | D18: =C18*($D$11-A18)*$F$11/365 -> 53558592 | E18: =E13*$E$7 -> 780824000 | F18: =E18*($D$11-A18)*$F$11/365 -> 93698880 | G18: =G13*$E$7 -> 1182444800 | H18: =G18*($D$11-A18)*$F$11/365 -> 141893376 | I18: =I13*$E$7 -> 1.1634869e+09 | J18: =I18*($D$11-A18)*$F$11/365 -> 1.3961842e+08 | K18: =K13*$E$7 -> 1430426000 | L18: =K18*($D$11-A18)*$F$11/365 -> 171651120 | M18: =M13*$E$7 -> 3093253200 | N18: =M18*($D$11-A18)*$F$11/365 -> 371190384
A19: 45992 | B19: Đợt 8 | C19: =C13*$E$8 -> 55790200 | D19: =C19*($D$11-A19)*$F$11/365 -> 3338241 | E19: =E13*$E$8 -> 97603000 | F19: =E19*($D$11-A19)*$F$11/365 -> 5840135.7 | G19: =G13*$E$8 -> 147805600 | H19: =G19*($D$11-A19)*$F$11/365 -> 8844039.2 | I19: =I13*$E$8 -> 1.4543586e+08 | J19: =I19*($D$11-A19)*$F$11/365 -> 8702244.2 | K19: =K13*$E$8 -> 178803250 | L19: =K19*($D$11-A19)*$F$11/365 -> 10698803 | M19: =M13*$E$8 -> 386656650 | N19: =M19*($D$11-A19)*$F$11/365 -> 23135839
B20: TỔNG HTLS | C20: =SUM(C14:C19) -> 781062800 | D20: =SUM(D14:D19) -> 1.0478775e+08 | E20: =SUM(E14:E19) -> 1366442000 | F20: =SUM(F14:F19) -> 1.833225e+08 | G20: =SUM(G14:G19) -> 2069278400 | H20: =SUM(H14:H19) -> 2.7761536e+08 | I20: =SUM(I14:I19) -> 2.036102e+09 | J20: =SUM(J14:J19) -> 2.731644e+08 | ... L20: =SUM(L14:L19) -> 3.3583659e+08 | M20: =SUM(M16:M19) -> 5413193100 | N20: =SUM(N16:N19) -> 7.2623653e+08

Sheet Sheet2
F1: Mốc chặn: | G1: 46174 | I1: Lãi suất | J1: 0.12
A2: Mã căn hộ | B2: Diện tích thông thủy (m2) | C2: Diện tích sân vườn ở tầng 5, 25,26,27,28 (m2) | D2: Loại căn hộ | E2: Bảng giá gốc | F2: Đợt 5 | H2: Đợt 6 | J2: Đợt 7 | L2: Đợt 8 | N2: Miễn phí tất toán trước hạn 1 lần/1 căn | O2: Tổng số tiền HTLS các đợt | P2: Tổng số tiền HTLS các đợt (bao gồm miễn phí tất toán trước hạn 1 lần) | Q2: Loại
F3: 45627 | H3: 45658 | J3: 45809 | L3: 45992 | S3: 45627 | T3: Đợt 5 | W3: 0.05
F4: Số tiền giải ngân | G4: Số tiền HTLS | H4: Số tiền giải ngân | I4: Số tiền HTLS | J4: Số tiền giải ngân | K4: Số tiền HTLS | L4: Số tiền giải ngân | M4: Số tiền HTLS | S4: 45658 | T4: Đợt 6 | W4: 0.2
A5: 501 | B5: 103.9 | D5: C1 | F5: =E5*$W$3 -> 0 | G5: =F5*($G$1-$F$3)*$J$1/365 -> 0 | H5: =E5*$W$4 -> 0 | I5: =H5*($G$1-$H$3)*$J$1/365 -> 0 | J5: =E5*$W$5 -> 0 | K5: =J5*($G$1-$J$3)*$J$1/365 -> 0 | L5: =E5*$W$6 -> 0 | M5: =L5*($G$1-$L$3)*$J$1/365 -> 0 | N5: =(F5+H5+J5+L5)*2% -> 0 | O5: =G5+I5+K5+M5 -> 0 | P5: =N5+O5 -> 0 | Q5: 3PN | S5: 45809 | T5: Đợt 7 | U5: Bàn giao | V5: 0.05 | W5: 0.4
A6: 502 | B6: 32.1 | D6: S2 | F6: =E6*$W$3 -> 0 | G6: =F6*($G$1-$F$3)*$J$1/365 -> 0 | H6: =E6*$W$4 -> 0 | I6: =H6*($G$1-$H$3)*$J$1/365 -> 0 | J6: =E6*$W$5 -> 0 | K6: =J6*($G$1-$J$3)*$J$1/365 -> 0 | L6: =E6*$W$6 -> 0 | M6: =L6*($G$1-$L$3)*$J$1/365 -> 0 | N6: =(F6+H6+J6+L6)*2% -> 0 | O6: =G6+I6+K6+M6 -> 0 | P6: =N6+O6 -> 0 | Q6: Studio | T6: Đợt 8 | U6: Làm bìa | W6: 0.05
A7: 503 | B7: 32.1 | D7: S2 | F7: =E7*$W$3 -> 0 | G7: =F7*($G$1-$F$3)*$J$1/365 -> 0 | H7: =E7*$W$4 -> 0 | I7: =H7*($G$1-$H$3)*$J$1/365 -> 0 | J7: =E7*$W$5 -> 0 | K7: =J7*($G$1-$J$3)*$J$1/365 -> 0 | L7: =E7*$W$6 -> 0 | M7: =L7*($G$1-$L$3)*$J$1/365 -> 0 | N7: =(F7+H7+J7+L7)*2% -> 0 | O7: =G7+I7+K7+M7 -> 0 | P7: =N7+O7 -> 0 | Q7: Studio | U7: TỔNG | V7: =SUM(V1:V6) -> 0.05 | W7: =SUM(W1:W6) -> 0.7
A8: 504 | B8: 36.5 | D8: S3 | F8: =E8*$W$3 -> 0 | G8: =F8*($G$1-$F$3)*$J$1/365 -> 0 | H8: =E8*$W$4 -> 0 | I8: =H8*($G$1-$H$3)*$J$1/365 -> 0 | J8: =E8*$W$5 -> 0 | K8: =J8*($G$1-$J$3)*$J$1/365 -> 0 | L8: =E8*$W$6 -> 0 | M8: =L8*($G$1-$L$3)*$J$1/365 -> 0 | N8: =(F8+H8+J8+L8)*2% -> 0 | O8: =G8+I8+K8+M8 -> 0 | P8: =N8+O8 -> 0 | Q8: Studio
A9: 512 | B9: 52.1 | D9: A3 | F9: =E9*$W$3 -> 0 | G9: =F9*($G$1-$F$3)*$J$1/365 -> 0 | H9: =E9*$W$4 -> 0 | I9: =H9*($G$1-$H$3)*$J$1/365 -> 0 | J9: =E9*$W$5 -> 0 | K9: =J9*($G$1-$J$3)*$J$1/365 -> 0 | L9: =E9*$W$6 -> 0 | M9: =L9*($G$1-$L$3)*$J$1/365 -> 0 | N9: =(F9+H9+J9+L9)*2% -> 0 | O9: =G9+I9+K9+M9 -> 0 | P9: =N9+O9 -> 0 | Q9: 1PN+1
A10: 512A | B10: 75.1 | D10: B5 | F10: =E10*$W$3 -> 0 | G10: =F10*($G$1-$F$3)*$J$1/365 -> 0 | H10: =E10*$W$4 -> 0 | I10: =H10*($G$1-$H$3)*$J$1/365 -> 0 | J10: =E10*$W$5 -> 0 | K10: =J10*($G$1-$J$3)*$J$1/365 -> 0 | L10: =E10*$W$6 -> 0 | M10: =L10*($G$1-$L$3)*$J$1/365 -> 0 | N10: =(F10+H10+J10+L10)*2% -> 0 | O10: =G10+I10+K10+M10 -> 0 | P10: =N10+O10 -> 0 | Q10: 2PN
A11: 512B | B11: 128.8 | C11: 14 | D11: C3-G | E11: 5600934000 | F11: =E11*$W$3 -> 280046700 | G11: =F11*($G$1-$F$3)*$J$1/365 -> 50362371 | H11: =E11*$W$4 -> 1120186800 | I11: =H11*($G$1-$H$3)*$J$1/365 -> 1.9003279e+08 | J11: =E11*$W$5 -> 2240373600 | K11: =J11*($G$1-$J$3)*$J$1/365 -> 268844832 | L11: =E11*$W$6 -> 280046700 | M11: =L11*($G$1-$L$3)*$J$1/365 -> 16756767 | N11: =(F11+H11+J11+L11)*2% -> 78413076 | O11: =G11+I11+K11+M11 -> 5.2599676e+08 | P11: =N11+O11 -> 6.0440983e+08 | Q11: 3PN
A12: 515 | B12: 71.3 | C12: 16.6 | D12: B4-G | F12: =E12*$W$3 -> 0 | G12: =F12*($G$1-$F$3)*$J$1/365 -> 0 | H12: =E12*$W$4 -> 0 | I12: =H12*($G$1-$H$3)*$J$1/365 -> 0 | J12: =E12*$W$5 -> 0 | K12: =J12*($G$1-$J$3)*$J$1/365 -> 0 | L12: =E12*$W$6 -> 0 | M12: =L12*($G$1-$L$3)*$J$1/365 -> 0 | N12: =(F12+H12+J12+L12)*2% -> 0 | O12: =G12+I12+K12+M12 -> 0 | P12: =N12+O12 -> 0 | Q12: 2PN
A13: 516 | B13: 71.7 | C13: 16.5 | D13: B4-G | F13: =E13*$W$3 -> 0 | G13: =F13*($G$1-$F$3)*$J$1/365 -> 0 | H13: =E13*$W$4 -> 0 | I13: =H13*($G$1-$H$3)*$J$1/365 -> 0 | J13: =E13*$W$5 -> 0 | K13: =J13*($G$1-$J$3)*$J$1/365 -> 0 | L13: =E13*$W$6 -> 0 | M13: =L13*($G$1-$L$3)*$J$1/365 -> 0 | N13: =(F13+H13+J13+L13)*2% -> 0 | O13: =G13+I13+K13+M13 -> 0 | P13: =N13+O13 -> 0 | Q13: 2PN
A14: 517 | B14: 71.8 | C14: 16.5 | D14: B4-G | F14: =E14*$W$3 -> 0 | G14: =F14*($G$1-$F$3)*$J$1/365 -> 0 | H14: =E14*$W$4 -> 0 | I14: =H14*($G$1-$H$3)*$J$1/365 -> 0 | J14: =E14*$W$5 -> 0 | K14: =J14*($G$1-$J$3)*$J$1/365 -> 0 | L14: =E14*$W$6 -> 0 | M14: =L14*($G$1-$L$3)*$J$1/365 -> 0 | N14: =(F14+H14+J14+L14)*2% -> 0 | O14: =G14+I14+K14+M14 -> 0 | P14: =N14+O14 -> 0 | Q14: 2PN
A15: 518 | B15: 71.4 | C15: 16.6 | D15: B4-G | F15: =E15*$W$3 -> 0 | G15: =F15*($G$1-$F$3)*$J$1/365 -> 0 | H15: =E15*$W$4 -> 0 | I15: =H15*($G$1-$H$3)*$J$1/365 -> 0 | J15: =E15*$W$5 -> 0 | K15: =J15*($G$1-$J$3)*$J$1/365 -> 0 | L15: =E15*$W$6 -> 0 | M15: =L15*($G$1-$L$3)*$J$1/365 -> 0 | N15: =(F15+H15+J15+L15)*2% -> 0 | O15: =G15+I15+K15+M15 -> 0 | P15: =N15+O15 -> 0 | Q15: 2PN
A16: 519 | B16: 46.9 | C16: 10.5 | D16: A1-G | F16: =E16*$W$3 -> 0 | G16: =F16*($G$1-$F$3)*$J$1/365 -> 0 | H16: =E16*$W$4 -> 0 | I16: =H16*($G$1-$H$3)*$J$1/365 -> 0 | J16: =E16*$W$5 -> 0 | K16: =J16*($G$1-$J$3)*$J$1/365 -> 0 | L16: =E16*$W$6 -> 0 | M16: =L16*($G$1-$L$3)*$J$1/365 -> 0 | N16: =(F16+H16+J16+L16)*2% -> 0 | O16: =G16+I16+K16+M16 -> 0 | P16: =N16+O16 -> 0 | Q16: 1PN+1
A17: 520 | B17: 30.3 | C17: 7 | D17: S1-G | F17: =E17*$W$3 -> 0 | G17: =F17*($G$1-$F$3)*$J$1/365 -> 0 | H17: =E17*$W$4 -> 0 | I17: =H17*($G$1-$H$3)*$J$1/365 -> 0 | J17: =E17*$W$5 -> 0 | K17: =J17*($G$1-$J$3)*$J$1/365 -> 0 | L17: =E17*$W$6 -> 0 | M17: =L17*($G$1-$L$3)*$J$1/365 -> 0 | N17: =(F17+H17+J17+L17)*2% -> 0 | O17: =G17+I17+K17+M17 -> 0 | P17: =N17+O17 -> 0 | Q17: Studio
A18: 521 | B18: 66.5 | C18: 15.5 | D18: DK1-G | F18: =E18*$W$3 -> 0 | G18: =F18*($G$1-$F$3)*$J$1/365 -> 0 | H18: =E18*$W$4 -> 0 | I18: =H18*($G$1-$H$3)*$J$1/365 -> 0 | J18: =E18*$W$5 -> 0 | K18: =J18*($G$1-$J$3)*$J$1/365 -> 0 | L18: =E18*$W$6 -> 0 | M18: =L18*($G$1-$L$3)*$J$1/365 -> 0 | N18: =(F18+H18+J18+L18)*2% -> 0 | O18: =G18+I18+K18+M18 -> 0 | P18: =N18+O18 -> 0 | Q18: Dual Key
A19: 522 | B19: 72.2 | D19: B4-1 | F19: =E19*$W$3 -> 0 | G19: =F19*($G$1-$F$3)*$J$1/365 -> 0 | H19: =E19*$W$4 -> 0 | I19: =H19*($G$1-$H$3)*$J$1/365 -> 0 | J19: =E19*$W$5 -> 0 | K19: =J19*($G$1-$J$3)*$J$1/365 -> 0 | L19: =E19*$W$6 -> 0 | M19: =L19*($G$1-$L$3)*$J$1/365 -> 0 | N19: =(F19+H19+J19+L19)*2% -> 0 | O19: =G19+I19+K19+M19 -> 0 | P19: =N19+O19 -> 0 | Q19: 2PN
A20: 523 | B20: 71.7 | D20: B4-1 | F20: =E20*$W$3 -> 0 | G20: =F20*($G$1-$F$3)*$J$1/365 -> 0 | H20: =E20*$W$4 -> 0 | I20: =H20*($G$1-$H$3)*$J$1/365 -> 0 | J20: =E20*$W$5 -> 0 | K20: =J20*($G$1-$J$3)*$J$1/365 -> 0 | L20: =E20*$W$6 -> 0 | M20: =L20*($G$1-$L$3)*$J$1/365 -> 0 | N20: =(F20+H20+J20+L20)*2% -> 0 | O20: =G20+I20+K20+M20 -> 0 | P20: =N20+O20 -> 0 | Q20: 2PN
A21: 524 | B21: 71.7 | D21: B4-1 | F21: =E21*$W$3 -> 0 | G21: =F21*($G$1-$F$3)*$J$1/365 -> 0 | H21: =E21*$W$4 -> 0 | I21: =H21*($G$1-$H$3)*$J$1/365 -> 0 | J21: =E21*$W$5 -> 0 | K21: =J21*($G$1-$J$3)*$J$1/365 -> 0 | L21: =E21*$W$6 -> 0 | M21: =L21*($G$1-$L$3)*$J$1/365 -> 0 | N21: =(F21+H21+J21+L21)*2% -> 0 | O21: =G21+I21+K21+M21 -> 0 | P21: =N21+O21 -> 0 | Q21: 2PN
A22: 525 | B22: 71.6 | D22: B4-1 | F22: =E22*$W$3 -> 0 | G22: =F22*($G$1-$F$3)*$J$1/365 -> 0 | H22: =E22*$W$4 -> 0 | I22: =H22*($G$1-$H$3)*$J$1/365 -> 0 | J22: =E22*$W$5 -> 0 | K22: =J22*($G$1-$J$3)*$J$1/365 -> 0 | L22: =E22*$W$6 -> 0 | M22: =L22*($G$1-$L$3)*$J$1/365 -> 0 | N22: =(F22+H22+J22+L22)*2% -> 0 | O22: =G22+I22+K22+M22 -> 0 | P22: =N22+O22 -> 0 | Q22: 2PN
A23: 526 | B23: 72.3 | D23: B4-1 | F23: =E23*$W$3 -> 0 | G23: =F23*($G$1-$F$3)*$J$1/365 -> 0 | H23: =E23*$W$4 -> 0 | I23: =H23*($G$1-$H$3)*$J$1/365 -> 0 | J23: =E23*$W$5 -> 0 | K23: =J23*($G$1-$J$3)*$J$1/365 -> 0 | L23: =E23*$W$6 -> 0 | M23: =L23*($G$1-$L$3)*$J$1/365 -> 0 | N23: =(F23+H23+J23+L23)*2% -> 0 | O23: =G23+I23+K23+M23 -> 0 | P23: =N23+O23 -> 0 | Q23: 2PN
A24: 601 | B24: 102.7 | D24: C1 | E24: 4119071560 | F24: =E24*$W$3 -> 205953578 | G24: =F24*($G$1-$F$3)*$J$1/365 -> 37037789 | H24: =E24*$W$4 -> 823814312 | I24: =H24*($G$1-$H$3)*$J$1/365 -> 1.3975502e+08 | J24: =E24*$W$5 -> 1647628624 | K24: =J24*($G$1-$J$3)*$J$1/365 -> 1.9771543e+08 | L24: =E24*$W$6 -> 205953578 | M24: =L24*($G$1-$L$3)*$J$1/365 -> 12323359 | N24: =(F24+H24+J24+L24)*2% -> 57667002 | O24: =G24+I24+K24+M24 -> 3.868316e+08 | P24: =N24+O24 -> 4.444986e+08 | Q24: 3PN
A25: 602 | B25: 31.9 | D25: S2 | F25: =E25*$W$3 -> 0 | G25: =F25*($G$1-$F$3)*$J$1/365 -> 0 | H25: =E25*$W$4 -> 0 | I25: =H25*($G$1-$H$3)*$J$1/365 -> 0 | J25: =E25*$W$5 -> 0 | K25: =J25*($G$1-$J$3)*$J$1/365 -> 0 | L25: =E25*$W$6 -> 0 | M25: =L25*($G$1-$L$3)*$J$1/365 -> 0 | N25: =(F25+H25+J25+L25)*2% -> 0 | O25: =G25+I25+K25+M25 -> 0 | P25: =N25+O25 -> 0 | Q25: Studio
A26: 603 | B26: 31.9 | D26: S2 | F26: =E26*$W$3 -> 0 | G26: =F26*($G$1-$F$3)*$J$1/365 -> 0 | H26: =E26*$W$4 -> 0 | I26: =H26*($G$1-$H$3)*$J$1/365 -> 0 | J26: =E26*$W$5 -> 0 | K26: =J26*($G$1-$J$3)*$J$1/365 -> 0 | L26: =E26*$W$6 -> 0 | M26: =L26*($G$1-$L$3)*$J$1/365 -> 0 | N26: =(F26+H26+J26+L26)*2% -> 0 | O26: =G26+I26+K26+M26 -> 0 | P26: =N26+O26 -> 0 | Q26: Studio
A27: 604 | B27: 36.5 | D27: S3 | F27: =E27*$W$3 -> 0 | G27: =F27*($G$1-$F$3)*$J$1/365 -> 0 | H27: =E27*$W$4 -> 0 | I27: =H27*($G$1-$H$3)*$J$1/365 -> 0 | J27: =E27*$W$5 -> 0 | K27: =J27*($G$1-$J$3)*$J$1/365 -> 0 | L27: =E27*$W$6 -> 0 | M27: =L27*($G$1-$L$3)*$J$1/365 -> 0 | N27: =(F27+H27+J27+L27)*2% -> 0 | O27: =G27+I27+K27+M27 -> 0 | P27: =N27+O27 -> 0 | Q27: Studio
A28: 605 | B28: 107.2 | D28: C2 | F28: =E28*$W$3 -> 0 | G28: =F28*($G$1-$F$3)*$J$1/365 -> 0 | H28: =E28*$W$4 -> 0 | I28: =H28*($G$1-$H$3)*$J$1/365 -> 0 | J28: =E28*$W$5 -> 0 | K28: =J28*($G$1-$J$3)*$J$1/365 -> 0 | L28: =E28*$W$6 -> 0 | M28: =L28*($G$1-$L$3)*$J$1/365 -> 0 | N28: =(F28+H28+J28+L28)*2% -> 0 | O28: =G28+I28+K28+M28 -> 0 | P28: =N28+O28 -> 0 | Q28: 3PN
A29: 606 | B29: 48.5 | D29: A2 | F29: =E29*$W$3 -> 0 | G29: =F29*($G$1-$F$3)*$J$1/365 -> 0 | H29: =E29*$W$4 -> 0 | I29: =H29*($G$1-$H$3)*$J$1/365 -> 0 | J29: =E29*$W$5 -> 0 | K29: =J29*($G$1-$J$3)*$J$1/365 -> 0 | L29: =E29*$W$6 -> 0 | M29: =L29*($G$1-$L$3)*$J$1/365 -> 0 | N29: =(F29+H29+J29+L29)*2% -> 0 | O29: =G29+I29+K29+M29 -> 0 | P29: =N29+O29 -> 0 | Q29: 1PN+1
A30: 607 | B30: 73.8 | D30: B5 | E30: 2906420532 | F30: =E30*$W$3 -> 1.4532103e+08 | G30: =F30*($G$1-$F$3)*$J$1/365 -> 26133896 | H30: =E30*$W$4 -> 5.8128411e+08 | I30: =H30*($G$1-$H$3)*$J$1/365 -> 98611265 | J30: =E30*$W$5 -> 1.1625682e+09 | K30: =J30*($G$1-$J$3)*$J$1/365 -> 1.3950819e+08 | L30: =E30*$W$6 -> 1.4532103e+08 | M30: =L30*($G$1-$L$3)*$J$1/365 -> 8695373.2 | N30: =(F30+H30+J30+L30)*2% -> 40689887 | O30: =G30+I30+K30+M30 -> 2.7294872e+08 | P30: =N30+O30 -> 3.1363861e+08 | Q30: 2PN
A31: 608 | B31: 73.8 | D31: B5 | F31: =E31*$W$3 -> 0 | G31: =F31*($G$1-$F$3)*$J$1/365 -> 0 | H31: =E31*$W$4 -> 0 | I31: =H31*($G$1-$H$3)*$J$1/365 -> 0 | J31: =E31*$W$5 -> 0 | K31: =J31*($G$1-$J$3)*$J$1/365 -> 0 | L31: =E31*$W$6 -> 0 | M31: =L31*($G$1-$L$3)*$J$1/365 -> 0 | N31: =(F31+H31+J31+L31)*2% -> 0 | O31: =G31+I31+K31+M31 -> 0 | P31: =N31+O31 -> 0 | Q31: 2PN
A32: 609 | B32: 73.8 | D32: B5 | F32: =E32*$W$3 -> 0 | G32: =F32*($G$1-$F$3)*$J$1/365 -> 0 | H32: =E32*$W$4 -> 0 | I32: =H32*($G$1-$H$3)*$J$1/365 -> 0 | J32: =E32*$W$5 -> 0 | K32: =J32*($G$1-$J$3)*$J$1/365 -> 0 | L32: =E32*$W$6 -> 0 | M32: =L32*($G$1-$L$3)*$J$1/365 -> 0 | N32: =(F32+H32+J32+L32)*2% -> 0 | O32: =G32+I32+K32+M32 -> 0 | P32: =N32+O32 -> 0 | Q32: 2PN
A33: 610 | B33: 67.7 | D33: B3 | F33: =E33*$W$3 -> 0 | G33: =F33*($G$1-$F$3)*$J$1/365 -> 0 | H33: =E33*$W$4 -> 0 | I33: =H33*($G$1-$H$3)*$J$1/365 -> 0 | J33: =E33*$W$5 -> 0 | K33: =J33*($G$1-$J$3)*$J$1/365 -> 0 | L33: =E33*$W$6 -> 0 | M33: =L33*($G$1-$L$3)*$J$1/365 -> 0 | N33: =(F33+H33+J33+L33)*2% -> 0 | O33: =G33+I33+K33+M33 -> 0 | P33: =N33+O33 -> 0 | Q33: 2PN
A34: 611 | B34: 68 | D34: B3 | F34: =E34*$W$3 -> 0 | G34: =F34*($G$1-$F$3)*$J$1/365 -> 0 | H34: =E34*$W$4 -> 0 | I34: =H34*($G$1-$H$3)*$J$1/365 -> 0 | J34: =E34*$W$5 -> 0 | K34: =J34*($G$1-$J$3)*$J$1/365 -> 0 | L34: =E34*$W$6 -> 0 | M34: =L34*($G$1-$L$3)*$J$1/365 -> 0 | N34: =(F34+H34+J34+L34)*2% -> 0 | O34: =G34+I34+K34+M34 -> 0 | P34: =N34+O34 -> 0 | Q34: 2PN
A35: 612 | B35: 52.2 | D35: A3 | F35: =E35*$W$3 -> 0 | G35: =F35*($G$1-$F$3)*$J$1/365 -> 0 | H35: =E35*$W$4 -> 0 | I35: =H35*($G$1-$H$3)*$J$1/365 -> 0 | J35: =E35*$W$5 -> 0 | K35: =J35*($G$1-$J$3)*$J$1/365 -> 0 | L35: =E35*$W$6 -> 0 | M35: =L35*($G$1-$L$3)*$J$1/365 -> 0 | N35: =(F35+H35+J35+L35)*2% -> 0 | O35: =G35+I35+K35+M35 -> 0 | P35: =N35+O35 -> 0 | Q35: 1PN+1
A36: 612A | B36: 73.8 | D36: B5 | F36: =E36*$W$3 -> 0 | G36: =F36*($G$1-$F$3)*$J$1/365 -> 0 | H36: =E36*$W$4 -> 0 | I36: =H36*($G$1-$H$3)*$J$1/365 -> 0 | J36: =E36*$W$5 -> 0 | K36: =J36*($G$1-$J$3)*$J$1/365 -> 0 | L36: =E36*$W$6 -> 0 | M36: =L36*($G$1-$L$3)*$J$1/365 -> 0 | N36: =(F36+H36+J36+L36)*2% -> 0 | O36: =G36+I36+K36+M36 -> 0 | P36: =N36+O36 -> 0 | Q36: 2PN
A37: 612B | B37: 129.2 | D37: C3 | F37: =E37*$W$3 -> 0 | G37: =F37*($G$1-$F$3)*$J$1/365 -> 0 | H37: =E37*$W$4 -> 0 | I37: =H37*($G$1-$H$3)*$J$1/365 -> 0 | J37: =E37*$W$5 -> 0 | K37: =J37*($G$1-$J$3)*$J$1/365 -> 0 | L37: =E37*$W$6 -> 0 | M37: =L37*($G$1-$L$3)*$J$1/365 -> 0 | N37: =(F37+H37+J37+L37)*2% -> 0 | O37: =G37+I37+K37+M37 -> 0 | P37: =N37+O37 -> 0 | Q37: 3PN
A38: 615 | B38: 70.8 | D38: B4-1 | F38: =E38*$W$3 -> 0 | G38: =F38*($G$1-$F$3)*$J$1/365 -> 0 | H38: =E38*$W$4 -> 0 | I38: =H38*($G$1-$H$3)*$J$1/365 -> 0 | J38: =E38*$W$5 -> 0 | K38: =J38*($G$1-$J$3)*$J$1/365 -> 0 | L38: =E38*$W$6 -> 0 | M38: =L38*($G$1-$L$3)*$J$1/365 -> 0 | N38: =(F38+H38+J38+L38)*2% -> 0 | O38: =G38+I38+K38+M38 -> 0 | P38: =N38+O38 -> 0 | Q38: 2PN
A39: 616 | B39: 70.8 | D39: B4-1 | F39: =E39*$W$3 -> 0 | G39: =F39*($G$1-$F$3)*$J$1/365 -> 0 | H39: =E39*$W$4 -> 0 | I39: =H39*($G$1-$H$3)*$J$1/365 -> 0 | J39: =E39*$W$5 -> 0 | K39: =J39*($G$1-$J$3)*$J$1/365 -> 0 | L39: =E39*$W$6 -> 0 | M39: =L39*($G$1-$L$3)*$J$1/365 -> 0 | N39: =(F39+H39+J39+L39)*2% -> 0 | O39: =G39+I39+K39+M39 -> 0 | P39: =N39+O39 -> 0 | Q39: 2PN
A40: 617 | B40: 70.8 | D40: B4-1 | E40: 2869245360 | F40: =E40*$W$3 -> 143462268 | G40: =F40*($G$1-$F$3)*$J$1/365 -> 25799625 | H40: =E40*$W$4 -> 573849072 | I40: =H40*($G$1-$H$3)*$J$1/365 -> 97349958 | J40: =E40*$W$5 -> 1147698144 | K40: =J40*($G$1-$J$3)*$J$1/365 -> 1.3772378e+08 | L40: =E40*$W$6 -> 143462268 | M40: =L40*($G$1-$L$3)*$J$1/365 -> 8584153.2 | N40: =(F40+H40+J40+L40)*2% -> 40169435 | O40: =G40+I40+K40+M40 -> 2.6945751e+08 | P40: =N40+O40 -> 3.0962695e+08 | Q40: 2PN
A41: 618 | B41: 70.8 | D41: B4-1 | F41: =E41*$W$3 -> 0 | G41: =F41*($G$1-$F$3)*$J$1/365 -> 0 | H41: =E41*$W$4 -> 0 | I41: =H41*($G$1-$H$3)*$J$1/365 -> 0 | J41: =E41*$W$5 -> 0 | K41: =J41*($G$1-$J$3)*$J$1/365 -> 0 | L41: =E41*$W$6 -> 0 | M41: =L41*($G$1-$L$3)*$J$1/365 -> 0 | N41: =(F41+H41+J41+L41)*2% -> 0 | O41: =G41+I41+K41+M41 -> 0 | P41: =N41+O41 -> 0 | Q41: 2PN
A42: 619 | B42: 46.5 | D42: A1 | F42: =E42*$W$3 -> 0 | G42: =F42*($G$1-$F$3)*$J$1/365 -> 0 | H42: =E42*$W$4 -> 0 | I42: =H42*($G$1-$H$3)*$J$1/365 -> 0 | J42: =E42*$W$5 -> 0 | K42: =J42*($G$1-$J$3)*$J$1/365 -> 0 | L42: =E42*$W$6 -> 0 | M42: =L42*($G$1-$L$3)*$J$1/365 -> 0 | N42: =(F42+H42+J42+L42)*2% -> 0 | O42: =G42+I42+K42+M42 -> 0 | P42: =N42+O42 -> 0 | Q42: 1PN+1
A43: 620 | B43: 30.3 | D43: S1 | F43: =E43*$W$3 -> 0 | G43: =F43*($G$1-$F$3)*$J$1/365 -> 0 | H43: =E43*$W$4 -> 0 | I43: =H43*($G$1-$H$3)*$J$1/365 -> 0 | J43: =E43*$W$5 -> 0 | K43: =J43*($G$1-$J$3)*$J$1/365 -> 0 | L43: =E43*$W$6 -> 0 | M43: =L43*($G$1-$L$3)*$J$1/365 -> 0 | N43: =(F43+H43+J43+L43)*2% -> 0 | O43: =G43+I43+K43+M43 -> 0 | P43: =N43+O43 -> 0 | Q43: Studio
A44: 621 | B44: 66 | D44: DK1 | F44: =E44*$W$3 -> 0 | G44: =F44*($G$1-$F$3)*$J$1/365 -> 0 | H44: =E44*$W$4 -> 0 | I44: =H44*($G$1-$H$3)*$J$1/365 -> 0 | J44: =E44*$W$5 -> 0 | K44: =J44*($G$1-$J$3)*$J$1/365 -> 0 | L44: =E44*$W$6 -> 0 | M44: =L44*($G$1-$L$3)*$J$1/365 -> 0 | N44: =(F44+H44+J44+L44)*2% -> 0 | O44: =G44+I44+K44+M44 -> 0 | P44: =N44+O44 -> 0 | Q44: Dual Key
A45: 622 | B45: 70.8 | D45: B4-1 | E45: 2924667600 | F45: =E45*$W$3 -> 146233380 | G45: =F45*($G$1-$F$3)*$J$1/365 -> 26297970 | H45: =E45*$W$4 -> 584933520 | I45: =H45*($G$1-$H$3)*$J$1/365 -> 99230366 | J45: =E45*$W$5 -> 1169867040 | K45: =J45*($G$1-$J$3)*$J$1/365 -> 1.4038404e+08 | L45: =E45*$W$6 -> 146233380 | M45: =L45*($G$1-$L$3)*$J$1/365 -> 8749964.4 | N45: =(F45+H45+J45+L45)*2% -> 40945346 | O45: =G45+I45+K45+M45 -> 2.7466235e+08 | P45: =N45+O45 -> 3.1560769e+08 | Q45: 2PN
A46: 623 | B46: 70.8 | D46: B4-1 | F46: =E46*$W$3 -> 0 | G46: =F46*($G$1-$F$3)*$J$1/365 -> 0 | H46: =E46*$W$4 -> 0 | I46: =H46*($G$1-$H$3)*$J$1/365 -> 0 | J46: =E46*$W$5 -> 0 | K46: =J46*($G$1-$J$3)*$J$1/365 -> 0 | L46: =E46*$W$6 -> 0 | M46: =L46*($G$1-$L$3)*$J$1/365 -> 0 | N46: =(F46+H46+J46+L46)*2% -> 0 | O46: =G46+I46+K46+M46 -> 0 | P46: =N46+O46 -> 0 | Q46: 2PN
A47: 624 | B47: 70.8 | D47: B4-1 | F47: =E47*$W$3 -> 0 | G47: =F47*($G$1-$F$3)*$J$1/365 -> 0 | H47: =E47*$W$4 -> 0 | I47: =H47*($G$1-$H$3)*$J$1/365 -> 0 | J47: =E47*$W$5 -> 0 | K47: =J47*($G$1-$J$3)*$J$1/365 -> 0 | L47: =E47*$W$6 -> 0 | M47: =L47*($G$1-$L$3)*$J$1/365 -> 0 | N47: =(F47+H47+J47+L47)*2% -> 0 | O47: =G47+I47+K47+M47 -> 0 | P47: =N47+O47 -> 0 | Q47: 2PN
A48: 625 | B48: 70.6 | D48: B4-1 | F48: =E48*$W$3 -> 0 | G48: =F48*($G$1-$F$3)*$J$1/365 -> 0 | H48: =E48*$W$4 -> 0 | I48: =H48*($G$1-$H$3)*$J$1/365 -> 0 | J48: =E48*$W$5 -> 0 | K48: =J48*($G$1-$J$3)*$J$1/365 -> 0 | L48: =E48*$W$6 -> 0 | M48: =L48*($G$1-$L$3)*$J$1/365 -> 0 | N48: =(F48+H48+J48+L48)*2% -> 0 | O48: =G48+I48+K48+M48 -> 0 | P48: =N48+O48 -> 0 | Q48: 2PN
A49: 626 | B49: 70.8 | D49: B4-1 | F49: =E49*$W$3 -> 0 | G49: =F49*($G$1-$F$3)*$J$1/365 -> 0 | H49: =E49*$W$4 -> 0 | I49: =H49*($G$1-$H$3)*$J$1/365 -> 0 | J49: =E49*$W$5 -> 0 | K49: =J49*($G$1-$J$3)*$J$1/365 -> 0 | L49: =E49*$W$6 -> 0 | M49: =L49*($G$1-$L$3)*$J$1/365 -> 0 | N49: =(F49+H49+J49+L49)*2% -> 0 | O49: =G49+I49+K49+M49 -> 0 | P49: =N49+O49 -> 0 | Q49: 2PN
A50: 701 | B50: 102.7 | D50: C1 | F50: =E50*$W$3 -> 0 | G50: =F50*($G$1-$F$3)*$J$1/365 -> 0 | H50: =E50*$W$4 -> 0 | I50: =H50*($G$1-$H$3)*$J$1/365 -> 0 | J50: =E50*$W$5 -> 0 | K50: =J50*($G$1-$J$3)*$J$1/365 -> 0 | L50: =E50*$W$6 -> 0 | M50: =L50*($G$1-$L$3)*$J$1/365 -> 0 | N50: =(F50+H50+J50+L50)*2% -> 0 | O50: =G50+I50+K50+M50 -> 0 | P50: =N50+O50 -> 0 | Q50: 3PN
A51: 702 | B51: 31.9 | D51: S2 | F51: =E51*$W$3 -> 0 | G51: =F51*($G$1-$F$3)*$J$1/365 -> 0 | H51: =E51*$W$4 -> 0 | I51: =H51*($G$1-$H$3)*$J$1/365 -> 0 | J51: =E51*$W$5 -> 0 | K51: =J51*($G$1-$J$3)*$J$1/365 -> 0 | L51: =E51*$W$6 -> 0 | M51: =L51*($G$1-$L$3)*$J$1/365 -> 0 | N51: =(F51+H51+J51+L51)*2% -> 0 | O51: =G51+I51+K51+M51 -> 0 | P51: =N51+O51 -> 0 | Q51: Studio
A52: 703 | B52: 31.9 | D52: S2 | F52: =E52*$W$3 -> 0 | G52: =F52*($G$1-$F$3)*$J$1/365 -> 0 | H52: =E52*$W$4 -> 0 | I52: =H52*($G$1-$H$3)*$J$1/365 -> 0 | J52: =E52*$W$5 -> 0 | K52: =J52*($G$1-$J$3)*$J$1/365 -> 0 | L52: =E52*$W$6 -> 0 | M52: =L52*($G$1-$L$3)*$J$1/365 -> 0 | N52: =(F52+H52+J52+L52)*2% -> 0 | O52: =G52+I52+K52+M52 -> 0 | P52: =N52+O52 -> 0 | Q52: Studio
A53: 704 | B53: 36.5 | D53: S3 | F53: =E53*$W$3 -> 0 | G53: =F53*($G$1-$F$3)*$J$1/365 -> 0 | H53: =E53*$W$4 -> 0 | I53: =H53*($G$1-$H$3)*$J$1/365 -> 0 | J53: =E53*$W$5 -> 0 | K53: =J53*($G$1-$J$3)*$J$1/365 -> 0 | L53: =E53*$W$6 -> 0 | M53: =L53*($G$1-$L$3)*$J$1/365 -> 0 | N53: =(F53+H53+J53+L53)*2% -> 0 | O53: =G53+I53+K53+M53 -> 0 | P53: =N53+O53 -> 0 | Q53: Studio
A54: 705 | B54: 107.2 | D54: C2 | F54: =E54*$W$3 -> 0 | G54: =F54*($G$1-$F$3)*$J$1/365 -> 0 | H54: =E54*$W$4 -> 0 | I54: =H54*($G$1-$H$3)*$J$1/365 -> 0 | J54: =E54*$W$5 -> 0 | K54: =J54*($G$1-$J$3)*$J$1/365 -> 0 | L54: =E54*$W$6 -> 0 | M54: =L54*($G$1-$L$3)*$J$1/365 -> 0 | N54: =(F54+H54+J54+L54)*2% -> 0 | O54: =G54+I54+K54+M54 -> 0 | P54: =N54+O54 -> 0 | Q54: 3PN
A55: 706 | B55: 48.6 | D55: A2 | F55: =E55*$W$3 -> 0 | G55: =F55*($G$1-$F$3)*$J$1/365 -> 0 | H55: =E55*$W$4 -> 0 | I55: =H55*($G$1-$H$3)*$J$1/365 -> 0 | J55: =E55*$W$5 -> 0 | K55: =J55*($G$1-$J$3)*$J$1/365 -> 0 | L55: =E55*$W$6 -> 0 | M55: =L55*($G$1-$L$3)*$J$1/365 -> 0 | N55: =(F55+H55+J55+L55)*2% -> 0 | O55: =G55+I55+K55+M55 -> 0 | P55: =N55+O55 -> 0 | Q55: 1PN+1
A56: 707 | B56: 73.8 | D56: B5 | F56: =E56*$W$3 -> 0 | G56: =F56*($G$1-$F$3)*$J$1/365 -> 0 | H56: =E56*$W$4 -> 0 | I56: =H56*($G$1-$H$3)*$J$1/365 -> 0 | J56: =E56*$W$5 -> 0 | K56: =J56*($G$1-$J$3)*$J$1/365 -> 0 | L56: =E56*$W$6 -> 0 | M56: =L56*($G$1-$L$3)*$J$1/365 -> 0 | N56: =(F56+H56+J56+L56)*2% -> 0 | O56: =G56+I56+K56+M56 -> 0 | P56: =N56+O56 -> 0 | Q56: 2PN
A57: 708 | B57: 73.8 | D57: B5 | F57: =E57*$W$3 -> 0 | G57: =F57*($G$1-$F$3)*$J$1/365 -> 0 | H57: =E57*$W$4 -> 0 | I57: =H57*($G$1-$H$3)*$J$1/365 -> 0 | J57: =E57*$W$5 -> 0 | K57: =J57*($G$1-$J$3)*$J$1/365 -> 0 | L57: =E57*$W$6 -> 0 | M57: =L57*($G$1-$L$3)*$J$1/365 -> 0 | N57: =(F57+H57+J57+L57)*2% -> 0 | O57: =G57+I57+K57+M57 -> 0 | P57: =N57+O57 -> 0 | Q57: 2PN
... A61: 712 | B61: 52.2 | D61: A3 | F61: =E61*$W$3 -> 0 | G61: =F61*($G$1-$F$3)*$J$1/365 -> 0 | H61: =E61*$W$4 -> 0 | I61: =H61*($G$1-$H$3)*$J$1/365 -> 0 | J61: =E61*$W$5 -> 0 | K61: =J61*($G$1-$J$3)*$J$1/365 -> 0 | L61: =E61*$W$6 -> 0 | M61: =L61*($G$1-$L$3)*$J$1/365 -> 0 | N61: =(F61+H61+J61+L61)*2% -> 0 | O61: =G61+I61+K61+M61 -> 0 | P61: =N61+O61 -> 0 | Q61: 1PN+1
A62: 712A | B62: 73.8 | D62: B5 | F62: =E62*$W$3 -> 0 | G62: =F62*($G$1-$F$3)*$J$1/365 -> 0 | H62: =E62*$W$4 -> 0 | I62: =H62*($G$1-$H$3)*$J$1/365 -> 0 | J62: =E62*$W$5 -> 0 | K62: =J62*($G$1-$J$3)*$J$1/365 -> 0 | L62: =E62*$W$6 -> 0 | M62: =L62*($G$1-$L$3)*$J$1/365 -> 0 | N62: =(F62+H62+J62+L62)*2% -> 0 | O62: =G62+I62+K62+M62 -> 0 | P62: =N62+O62 -> 0 | Q62: 2PN
A63: 712B | B63: 129.2 | D63: C3 | E63: 5512007920 | F63: =E63*$W$3 -> 275600396 | G63: =F63*($G$1-$F$3)*$J$1/365 -> 49562767 | H63: =E63*$W$4 -> 1102401584 | I63: =H63*($G$1-$H$3)*$J$1/365 -> 1.8701563e+08 | J63: =E63*$W$5 -> 2204803168 | K63: =J63*($G$1-$J$3)*$J$1/365 -> 2.6457638e+08 | L63: =E63*$W$6 -> 275600396 | M63: =L63*($G$1-$L$3)*$J$1/365 -> 16490720 | N63: =(F63+H63+J63+L63)*2% -> 77168111 | O63: =G63+I63+K63+M63 -> 5.176455e+08 | P63: =N63+O63 -> 5.9481361e+08 | Q63: 3PN
A64: 715 | B64: 70.8 | D64: B4-1 | F64: =E64*$W$3 -> 0 | G64: =F64*($G$1-$F$3)*$J$1/365 -> 0 | H64: =E64*$W$4 -> 0 | I64: =H64*($G$1-$H$3)*$J$1/365 -> 0 | J64: =E64*$W$5 -> 0 | K64: =J64*($G$1-$J$3)*$J$1/365 -> 0 | L64: =E64*$W$6 -> 0 | M64: =L64*($G$1-$L$3)*$J$1/365 -> 0 | N64: =(F64+H64+J64+L64)*2% -> 0 | O64: =G64+I64+K64+M64 -> 0 | P64: =N64+O64 -> 0 | Q64: 2PN
A65: 716 | B65: 70.8 | D65: B4-1 | F65: =E65*$W$3 -> 0 | G65: =F65*($G$1-$F$3)*$J$1/365 -> 0 | H65: =E65*$W$4 -> 0 | I65: =H65*($G$1-$H$3)*$J$1/365 -> 0 | J65: =E65*$W$5 -> 0 | K65: =J65*($G$1-$J$3)*$J$1/365 -> 0 | L65: =E65*$W$6 -> 0 | M65: =L65*($G$1-$L$3)*$J$1/365 -> 0 | N65: =(F65+H65+J65+L65)*2% -> 0 | O65: =G65+I65+K65+M65 -> 0 | P65: =N65+O65 -> 0 | Q65: 2PN
A66: 717 | B66: 70.8 | D66: B4-1 | F66: =E66*$W$3 -> 0 | G66: =F66*($G$1-$F$3)*$J$1/365 -> 0 | H66: =E66*$W$4 -> 0 | I66: =H66*($G$1-$H$3)*$J$1/365 -> 0 | J66: =E66*$W$5 -> 0 | K66: =J66*($G$1-$J$3)*$J$1/365 -> 0 | L66: =E66*$W$6 -> 0 | M66: =L66*($G$1-$L$3)*$J$1/365 -> 0 | N66: =(F66+H66+J66+L66)*2% -> 0 | O66: =G66+I66+K66+M66 -> 0 | P66: =N66+O66 -> 0 | Q66: 2PN
A67: 718 | B67: 70.8 | D67: B4-1 | F67: =E67*$W$3 -> 0 | G67: =F67*($G$1-$F$3)*$J$1/365 -> 0 | H67: =E67*$W$4 -> 0 | I67: =H67*($G$1-$H$3)*$J$1/365 -> 0 | J67: =E67*$W$5 -> 0 | K67: =J67*($G$1-$J$3)*$J$1/365 -> 0 | L67: =E67*$W$6 -> 0 | M67: =L67*($G$1-$L$3)*$J$1/365 -> 0 | N67: =(F67+H67+J67+L67)*2% -> 0 | O67: =G67+I67+K67+M67 -> 0 | P67: =N67+O67 -> 0 | Q67: 2PN
A68: 719 | B68: 46.5 | D68: A1 | F68: =E68*$W$3 -> 0 | G68: =F68*($G$1-$F$3)*$J$1/365 -> 0 | H68: =E68*$W$4 -> 0 | I68: =H68*($G$1-$H$3)*$J$1/365 -> 0 | J68: =E68*$W$5 -> 0 | K68: =J68*($G$1-$J$3)*$J$1/365 -> 0 | L68: =E68*$W$6 -> 0 | M68: =L68*($G$1-$L$3)*$J$1/365 -> 0 | N68: =(F68+H68+J68+L68)*2% -> 0 | O68: =G68+I68+K68+M68 -> 0 | P68: =N68+O68 -> 0 | Q68: 1PN+1
A69: 720 | B69: 30.3 | D69: S1 | F69: =E69*$W$3 -> 0 | G69: =F69*($G$1-$F$3)*$J$1/365 -> 0 | H69: =E69*$W$4 -> 0 | I69: =H69*($G$1-$H$3)*$J$1/365 -> 0 | J69: =E69*$W$5 -> 0 | K69: =J69*($G$1-$J$3)*$J$1/365 -> 0 | L69: =E69*$W$6 -> 0 | M69: =L69*($G$1-$L$3)*$J$1/365 -> 0 | N69: =(F69+H69+J69+L69)*2% -> 0 | O69: =G69+I69+K69+M69 -> 0 | P69: =N69+O69 -> 0 | Q69: Studio
A70: 721 | B70: 66 | D70: DK1 | F70: =E70*$W$3 -> 0 | G70: =F70*($G$1-$F$3)*$J$1/365 -> 0 | H70: =E70*$W$4 -> 0 | I70: =H70*($G$1-$H$3)*$J$1/365 -> 0 | J70: =E70*$W$5 -> 0 | K70: =J70*($G$1-$J$3)*$J$1/365 -> 0 | L70: =E70*$W$6 -> 0 | M70: =L70*($G$1-$L$3)*$J$1/365 -> 0 | N70: =(F70+H70+J70+L70)*2% -> 0 | O70: =G70+I70+K70+M70 -> 0 | P70: =N70+O70 -> 0 | Q70: Dual Key
A71: 722 | B71: 70.8 | D71: B4-1 | F71: =E71*$W$3 -> 0 | G71: =F71*($G$1-$F$3)*$J$1/365 -> 0 | H71: =E71*$W$4 -> 0 | I71: =H71*($G$1-$H$3)*$J$1/365 -> 0 | J71: =E71*$W$5 -> 0 | K71: =J71*($G$1-$J$3)*$J$1/365 -> 0 | L71: =E71*$W$6 -> 0 | M71: =L71*($G$1-$L$3)*$J$1/365 -> 0 | N71: =(F71+H71+J71+L71)*2% -> 0 | O71: =G71+I71+K71+M71 -> 0 | P71: =N71+O71 -> 0 | Q71: 2PN
A72: 723 | B72: 70.8 | D72: B4-1 | F72: =E72*$W$3 -> 0 | G72: =F72*($G$1-$F$3)*$J$1/365 -> 0 | H72: =E72*$W$4 -> 0 | I72: =H72*($G$1-$H$3)*$J$1/365 -> 0 | J72: =E72*$W$5 -> 0 | K72: =J72*($G$1-$J$3)*$J$1/365 -> 0 | L72: =E72*$W$6 -> 0 | M72: =L72*($G$1-$L$3)*$J$1/365 -> 0 | N72: =(F72+H72+J72+L72)*2% -> 0 | O72: =G72+I72+K72+M72 -> 0 | P72: =N72+O72 -> 0 | Q72: 2PN
A73: 724 | B73: 70.8 | D73: B4-1 | F73: =E73*$W$3 -> 0 | G73: =F73*($G$1-$F$3)*$J$1/365 -> 0 | H73: =E73*$W$4 -> 0 | I73: =H73*($G$1-$H$3)*$J$1/365 -> 0 | J73: =E73*$W$5 -> 0 | K73: =J73*($G$1-$J$3)*$J$1/365 -> 0 | L73: =E73*$W$6 -> 0 | M73: =L73*($G$1-$L$3)*$J$1/365 -> 0 | N73: =(F73+H73+J73+L73)*2% -> 0 | O73: =G73+I73+K73+M73 -> 0 | P73: =N73+O73 -> 0 | Q73: 2PN
A74: 725 | B74: 70.7 | D74: B4-1 | F74: =E74*$W$3 -> 0 | G74: =F74*($G$1-$F$3)*$J$1/365 -> 0 | H74: =E74*$W$4 -> 0 | I74: =H74*($G$1-$H$3)*$J$1/365 -> 0 | J74: =E74*$W$5 -> 0 | K74: =J74*($G$1-$J$3)*$J$1/365 -> 0 | L74: =E74*$W$6 -> 0 | M74: =L74*($G$1-$L$3)*$J$1/365 -> 0 | N74: =(F74+H74+J74+L74)*2% -> 0 | O74: =G74+I74+K74+M74 -> 0 | P74: =N74+O74 -> 0 | Q74: 2PN
A75: 726 | B75: 70.8 | D75: B4-1 | F75: =E75*$W$3 -> 0 | G75: =F75*($G$1-$F$3)*$J$1/365 -> 0 | H75: =E75*$W$4 -> 0 | I75: =H75*($G$1-$H$3)*$J$1/365 -> 0 | J75: =E75*$W$5 -> 0 | K75: =J75*($G$1-$J$3)*$J$1/365 -> 0 | L75: =E75*$W$6 -> 0 | M75: =L75*($G$1-$L$3)*$J$1/365 -> 0 | N75: =(F75+H75+J75+L75)*2% -> 0 | O75: =G75+I75+K75+M75 -> 0 | P75: =N75+O75 -> 0 | Q75: 2PN
... A87: 812 | B87: 52.2 | D87: A3 | F87: =E87*$W$3 -> 0 | G87: =F87*($G$1-$F$3)*$J$1/365 -> 0 | H87: =E87*$W$4 -> 0 | I87: =H87*($G$1-$H$3)*$J$1/365 -> 0 | J87: =E87*$W$5 -> 0 | K87: =J87*($G$1-$J$3)*$J$1/365 -> 0 | L87: =E87*$W$6 -> 0 | M87: =L87*($G$1-$L$3)*$J$1/365 -> 0 | N87: =(F87+H87+J87+L87)*2% -> 0 | O87: =G87+I87+K87+M87 -> 0 | P87: =N87+O87 -> 0 | Q87: 1PN+1
A88: 812A | B88: 73.8 | D88: B5 | F88: =E88*$W$3 -> 0 | G88: =F88*($G$1-$F$3)*$J$1/365 -> 0 | H88: =E88*$W$4 -> 0 | I88: =H88*($G$1-$H$3)*$J$1/365 -> 0 | J88: =E88*$W$5 -> 0 | K88: =J88*($G$1-$J$3)*$J$1/365 -> 0 | L88: =E88*$W$6 -> 0 | M88: =L88*($G$1-$L$3)*$J$1/365 -> 0 | N88: =(F88+H88+J88+L88)*2% -> 0 | O88: =G88+I88+K88+M88 -> 0 | P88: =N88+O88 -> 0 | Q88: 2PN
A89: 812B | B89: 129.2 | D89: C3 | F89: =E89*$W$3 -> 0 | G89: =F89*($G$1-$F$3)*$J$1/365 -> 0 | H89: =E89*$W$4 -> 0 | I89: =H89*($G$1-$H$3)*$J$1/365 -> 0 | J89: =E89*$W$5 -> 0 | K89: =J89*($G$1-$J$3)*$J$1/365 -> 0 | L89: =E89*$W$6 -> 0 | M89: =L89*($G$1-$L$3)*$J$1/365 -> 0 | N89: =(F89+H89+J89+L89)*2% -> 0 | O89: =G89+I89+K89+M89 -> 0 | P89: =N89+O89 -> 0 | Q89: 3PN
A90: 815 | B90: 70.8 | D90: B4-1 | E90: 2924667600 | F90: =E90*$W$3 -> 146233380 | G90: =F90*($G$1-$F$3)*$J$1/365 -> 26297970 | H90: =E90*$W$4 -> 584933520 | I90: =H90*($G$1-$H$3)*$J$1/365 -> 99230366 | J90: =E90*$W$5 -> 1169867040 | K90: =J90*($G$1-$J$3)*$J$1/365 -> 1.4038404e+08 | L90: =E90*$W$6 -> 146233380 | M90: =L90*($G$1-$L$3)*$J$1/365 -> 8749964.4 | N90: =(F90+H90+J90+L90)*2% -> 40945346 | O90: =G90+I90+K90+M90 -> 2.7466235e+08 | P90: =N90+O90 -> 3.1560769e+08 | Q90: 2PN
A91: 816 | B91: 70.8 | D91: B4-1 | F91: =E91*$W$3 -> 0 | G91: =F91*($G$1-$F$3)*$J$1/365 -> 0 | H91: =E91*$W$4 -> 0 | I91: =H91*($G$1-$H$3)*$J$1/365 -> 0 | J91: =E91*$W$5 -> 0 | K91: =J91*($G$1-$J$3)*$J$1/365 -> 0 | L91: =E91*$W$6 -> 0 | M91: =L91*($G$1-$L$3)*$J$1/365 -> 0 | N91: =(F91+H91+J91+L91)*2% -> 0 | O91: =G91+I91+K91+M91 -> 0 | P91: =N91+O91 -> 0 | Q91: 2PN
A92: 817 | B92: 70.8 | D92: B4-1 | F92: =E92*$W$3 -> 0 | G92: =F92*($G$1-$F$3)*$J$1/365 -> 0 | H92: =E92*$W$4 -> 0 | I92: =H92*($G$1-$H$3)*$J$1/365 -> 0 | J92: =E92*$W$5 -> 0 | K92: =J92*($G$1-$J$3)*$J$1/365 -> 0 | L92: =E92*$W$6 -> 0 | M92: =L92*($G$1-$L$3)*$J$1/365 -> 0 | N92: =(F92+H92+J92+L92)*2% -> 0 | O92: =G92+I92+K92+M92 -> 0 | P92: =N92+O92 -> 0 | Q92: 2PN
A93: 818 | B93: 70.8 | D93: B4-1 | F93: =E93*$W$3 -> 0 | G93: =F93*($G$1-$F$3)*$J$1/365 -> 0 | H93: =E93*$W$4 -> 0 | I93: =H93*($G$1-$H$3)*$J$1/365 -> 0 | J93: =E93*$W$5 -> 0 | K93: =J93*($G$1-$J$3)*$J$1/365 -> 0 | L93: =E93*$W$6 -> 0 | M93: =L93*($G$1-$L$3)*$J$1/365 -> 0 | N93: =(F93+H93+J93+L93)*2% -> 0 | O93: =G93+I93+K93+M93 -> 0 | P93: =N93+O93 -> 0 | Q93: 2PN
A94: 819 | B94: 46.5 | D94: A1 | F94: =E94*$W$3 -> 0 | G94: =F94*($G$1-$F$3)*$J$1/365 -> 0 | H94: =E94*$W$4 -> 0 | I94: =H94*($G$1-$H$3)*$J$1/365 -> 0 | J94: =E94*$W$5 -> 0 | K94: =J94*($G$1-$J$3)*$J$1/365 -> 0 | L94: =E94*$W$6 -> 0 | M94: =L94*($G$1-$L$3)*$J$1/365 -> 0 | N94: =(F94+H94+J94+L94)*2% -> 0 | O94: =G94+I94+K94+M94 -> 0 | P94: =N94+O94 -> 0 | Q94: 1PN+1
A95: 820 | B95: 30.3 | D95: S1 | F95: =E95*$W$3 -> 0 | G95: =F95*($G$1-$F$3)*$J$1/365 -> 0 | H95: =E95*$W$4 -> 0 | I95: =H95*($G$1-$H$3)*$J$1/365 -> 0 | J95: =E95*$W$5 -> 0 | K95: =J95*($G$1-$J$3)*$J$1/365 -> 0 | L95: =E95*$W$6 -> 0 | M95: =L95*($G$1-$L$3)*$J$1/365 -> 0 | N95: =(F95+H95+J95+L95)*2% -> 0 | O95: =G95+I95+K95+M95 -> 0 | P95: =N95+O95 -> 0 | Q95: Studio
A96: 821 | B96: 66 | D96: DK1 | F96: =E96*$W$3 -> 0 | G96: =F96*($G$1-$F$3)*$J$1/365 -> 0 | H96: =E96*$W$4 -> 0 | I96: =H96*($G$1-$H$3)*$J$1/365 -> 0 | J96: =E96*$W$5 -> 0 | K96: =J96*($G$1-$J$3)*$J$1/365 -> 0 | L96: =E96*$W$6 -> 0 | M96: =L96*($G$1-$L$3)*$J$1/365 -> 0 | N96: =(F96+H96+J96+L96)*2% -> 0 | O96: =G96+I96+K96+M96 -> 0 | P96: =N96+O96 -> 0 | Q96: Dual Key
A97: 822 | B97: 70.8 | D97: B4-1 | F97: =E97*$W$3 -> 0 | G97: =F97*($G$1-$F$3)*$J$1/365 -> 0 | H97: =E97*$W$4 -> 0 | I97: =H97*($G$1-$H$3)*$J$1/365 -> 0 | J97: =E97*$W$5 -> 0 | K97: =J97*($G$1-$J$3)*$J$1/365 -> 0 | L97: =E97*$W$6 -> 0 | M97: =L97*($G$1-$L$3)*$J$1/365 -> 0 | N97: =(F97+H97+J97+L97)*2% -> 0 | O97: =G97+I97+K97+M97 -> 0 | P97: =N97+O97 -> 0 | Q97: 2PN
A98: 823 | B98: 70.8 | D98: B4-1 | E98: 2924667600 | F98: =E98*$W$3 -> 146233380 | G98: =F98*($G$1-$F$3)*$J$1/365 -> 26297970 | H98: =E98*$W$4 -> 584933520 | I98: =H98*($G$1-$H$3)*$J$1/365 -> 99230366 | J98: =E98*$W$5 -> 1169867040 | K98: =J98*($G$1-$J$3)*$J$1/365 -> 1.4038404e+08 | L98: =E98*$W$6 -> 146233380 | M98: =L98*($G$1-$L$3)*$J$1/365 -> 8749964.4 | N98: =(F98+H98+J98+L98)*2% -> 40945346 | O98: =G98+I98+K98+M98 -> 2.7466235e+08 | P98: =N98+O98 -> 3.1560769e+08 | Q98: 2PN
A99: 824 | B99: 70.8 | D99: B4-1 | E99: 2924667600 | F99: =E99*$W$3 -> 146233380 | G99: =F99*($G$1-$F$3)*$J$1/365 -> 26297970 | H99: =E99*$W$4 -> 584933520 | I99: =H99*($G$1-$H$3)*$J$1/365 -> 99230366 | J99: =E99*$W$5 -> 1169867040 | K99: =J99*($G$1-$J$3)*$J$1/365 -> 1.4038404e+08 | L99: =E99*$W$6 -> 146233380 | M99: =L99*($G$1-$L$3)*$J$1/365 -> 8749964.4 | N99: =(F99+H99+J99+L99)*2% -> 40945346 | O99: =G99+I99+K99+M99 -> 2.7466235e+08 | P99: =N99+O99 -> 3.1560769e+08 | Q99: 2PN
A100: 825 | B100: 70.7 | D100: B4-1 | F100: =E100*$W$3 -> 0 | G100: =F100*($G$1-$F$3)*$J$1/365 -> 0 | H100: =E100*$W$4 -> 0 | I100: =H100*($G$1-$H$3)*$J$1/365 -> 0 | J100: =E100*$W$5 -> 0 | K100: =J100*($G$1-$J$3)*$J$1/365 -> 0 | L100: =E100*$W$6 -> 0 | M100: =L100*($G$1-$L$3)*$J$1/365 -> 0 | N100: =(F100+H100+J100+L100)*2% -> 0 | O100: =G100+I100+K100+M100 -> 0 | P100: =N100+O100 -> 0 | Q100: 2PN
A101: 826 | B101: 70.8 | D101: B4-1 | F101: =E101*$W$3 -> 0 | G101: =F101*($G$1-$F$3)*$J$1/365 -> 0 | H101: =E101*$W$4 -> 0 | I101: =H101*($G$1-$H$3)*$J$1/365 -> 0 | J101: =E101*$W$5 -> 0 | K101: =J101*($G$1-$J$3)*$J$1/365 -> 0 | L101: =E101*$W$6 -> 0 | M101: =L101*($G$1-$L$3)*$J$1/365 -> 0 | N101: =(F101+H101+J101+L101)*2% -> 0 | O101: =G101+I101+K101+M101 -> 0 | P101: =N101+O101 -> 0 | Q101: 2PN
A102: 901 | B102: 102.7 | D102: C1 | F102: =E102*$W$3 -> 0 | G102: =F102*($G$1-$F$3)*$J$1/365 -> 0 | H102: =E102*$W$4 -> 0 | I102: =H102*($G$1-$H$3)*$J$1/365 -> 0 | J102: =E102*$W$5 -> 0 | K102: =J102*($G$1-$J$3)*$J$1/365 -> 0 | L102: =E102*$W$6 -> 0 | M102: =L102*($G$1-$L$3)*$J$1/365 -> 0 | N102: =(F102+H102+J102+L102)*2% -> 0 | O102: =G102+I102+K102+M102 -> 0 | P102: =N102+O102 -> 0 | Q102: 3PN
A103: 902 | B103: 31.9 | D103: S2 | F103: =E103*$W$3 -> 0 | G103: =F103*($G$1-$F$3)*$J$1/365 -> 0 | H103: =E103*$W$4 -> 0 | I103: =H103*($G$1-$H$3)*$J$1/365 -> 0 | J103: =E103*$W$5 -> 0 | K103: =J103*($G$1-$J$3)*$J$1/365 -> 0 | L103: =E103*$W$6 -> 0 | M103: =L103*($G$1-$L$3)*$J$1/365 -> 0 | N103: =(F103+H103+J103+L103)*2% -> 0 | O103: =G103+I103+K103+M103 -> 0 | P103: =N103+O103 -> 0 | Q103: Studio
A104: 903 | B104: 31.9 | D104: S2 | F104: =E104*$W$3 -> 0 | G104: =F104*($G$1-$F$3)*$J$1/365 -> 0 | H104: =E104*$W$4 -> 0 | I104: =H104*($G$1-$H$3)*$J$1/365 -> 0 | J104: =E104*$W$5 -> 0 | K104: =J104*($G$1-$J$3)*$J$1/365 -> 0 | L104: =E104*$W$6 -> 0 | M104: =L104*($G$1-$L$3)*$J$1/365 -> 0 | N104: =(F104+H104+J104+L104)*2% -> 0 | O104: =G104+I104+K104+M104 -> 0 | P104: =N104+O104 -> 0 | Q104: Studio
A105: 904 | B105: 36.5 | D105: S3 | F105: =E105*$W$3 -> 0 | G105: =F105*($G$1-$F$3)*$J$1/365 -> 0 | H105: =E105*$W$4 -> 0 | I105: =H105*($G$1-$H$3)*$J$1/365 -> 0 | J105: =E105*$W$5 -> 0 | K105: =J105*($G$1-$J$3)*$J$1/365 -> 0 | L105: =E105*$W$6 -> 0 | M105: =L105*($G$1-$L$3)*$J$1/365 -> 0 | N105: =(F105+H105+J105+L105)*2% -> 0 | O105: =G105+I105+K105+M105 -> 0 | P105: =N105+O105 -> 0 | Q105: Studio
A106: 905 | B106: 107.2 | D106: C2 | F106: =E106*$W$3 -> 0 | G106: =F106*($G$1-$F$3)*$J$1/365 -> 0 | H106: =E106*$W$4 -> 0 | I106: =H106*($G$1-$H$3)*$J$1/365 -> 0 | J106: =E106*$W$5 -> 0 | K106: =J106*($G$1-$J$3)*$J$1/365 -> 0 | L106: =E106*$W$6 -> 0 | M106: =L106*($G$1-$L$3)*$J$1/365 -> 0 | N106: =(F106+H106+J106+L106)*2% -> 0 | O106: =G106+I106+K106+M106 -> 0 | P106: =N106+O106 -> 0 | Q106: 3PN
A107: 906 | B107: 48.6 | D107: A2 | F107: =E107*$W$3 -> 0 | G107: =F107*($G$1-$F$3)*$J$1/365 -> 0 | H107: =E107*$W$4 -> 0 | I107: =H107*($G$1-$H$3)*$J$1/365 -> 0 | J107: =E107*$W$5 -> 0 | K107: =J107*($G$1-$J$3)*$J$1/365 -> 0 | L107: =E107*$W$6 -> 0 | M107: =L107*($G$1-$L$3)*$J$1/365 -> 0 | N107: =(F107+H107+J107+L107)*2% -> 0 | O107: =G107+I107+K107+M107 -> 0 | P107: =N107+O107 -> 0 | Q107: 1PN+1
A108: 907 | B108: 73.8 | D108: B5 | F108: =E108*$W$3 -> 0 | G108: =F108*($G$1-$F$3)*$J$1/365 -> 0 | H108: =E108*$W$4 -> 0 | I108: =H108*($G$1-$H$3)*$J$1/365 -> 0 | J108: =E108*$W$5 -> 0 | K108: =J108*($G$1-$J$3)*$J$1/365 -> 0 | L108: =E108*$W$6 -> 0 | M108: =L108*($G$1-$L$3)*$J$1/365 -> 0 | N108: =(F108+H108+J108+L108)*2% -> 0 | O108: =G108+I108+K108+M108 -> 0 | P108: =N108+O108 -> 0 | Q108: 2PN
A109: 908 | B109: 73.8 | D109: B5 | F109: =E109*$W$3 -> 0 | G109: =F109*($G$1-$F$3)*$J$1/365 -> 0 | H109: =E109*$W$4 -> 0 | I109: =H109*($G$1-$H$3)*$J$1/365 -> 0 | J109: =E109*$W$5 -> 0 | K109: =J109*($G$1-$J$3)*$J$1/365 -> 0 | L109: =E109*$W$6 -> 0 | M109: =L109*($G$1-$L$3)*$J$1/365 -> 0 | N109: =(F109+H109+J109+L109)*2% -> 0 | O109: =G109+I109+K109+M109 -> 0 | P109: =N109+O109 -> 0 | Q109: 2PN
A110: 909 | B110: 73.8 | D110: B5 | F110: =E110*$W$3 -> 0 | G110: =F110*($G$1-$F$3)*$J$1/365 -> 0 | H110: =E110*$W$4 -> 0 | I110: =H110*($G$1-$H$3)*$J$1/365 -> 0 | J110: =E110*$W$5 -> 0 | K110: =J110*($G$1-$J$3)*$J$1/365 -> 0 | L110: =E110*$W$6 -> 0 | M110: =L110*($G$1-$L$3)*$J$1/365 -> 0 | N110: =(F110+H110+J110+L110)*2% -> 0 | O110: =G110+I110+K110+M110 -> 0 | P110: =N110+O110 -> 0 | Q110: 2PN
A111: 910 | B111: 67.7 | D111: B3 | F111: =E111*$W$3 -> 0 | G111: =F111*($G$1-$F$3)*$J$1/365 -> 0 | H111: =E111*$W$4 -> 0 | I111: =H111*($G$1-$H$3)*$J$1/365 -> 0 | J111: =E111*$W$5 -> 0 | K111: =J111*($G$1-$J$3)*$J$1/365 -> 0 | L111: =E111*$W$6 -> 0 | M111: =L111*($G$1-$L$3)*$J$1/365 -> 0 | N111: =(F111+H111+J111+L111)*2% -> 0 | O111: =G111+I111+K111+M111 -> 0 | P111: =N111+O111 -> 0 | Q111: 2PN
... A113: 912 | B113: 52.2 | D113: A3 | F113: =E113*$W$3 -> 0 | G113: =F113*($G$1-$F$3)*$J$1/365 -> 0 | H113: =E113*$W$4 -> 0 | I113: =H113*($G$1-$H$3)*$J$1/365 -> 0 | J113: =E113*$W$5 -> 0 | K113: =J113*($G$1-$J$3)*$J$1/365 -> 0 | L113: =E113*$W$6 -> 0 | M113: =L113*($G$1-$L$3)*$J$1/365 -> 0 | N113: =(F113+H113+J113+L113)*2% -> 0 | O113: =G113+I113+K113+M113 -> 0 | P113: =N113+O113 -> 0 | Q113: 1PN+1
A114: 912A | B114: 73.8 | D114: B5 | F114: =E114*$W$3 -> 0 | G114: =F114*($G$1-$F$3)*$J$1/365 -> 0 | H114: =E114*$W$4 -> 0 | I114: =H114*($G$1-$H$3)*$J$1/365 -> 0 | J114: =E114*$W$5 -> 0 | K114: =J114*($G$1-$J$3)*$J$1/365 -> 0 | L114: =E114*$W$6 -> 0 | M114: =L114*($G$1-$L$3)*$J$1/365 -> 0 | N114: =(F114+H114+J114+L114)*2% -> 0 | O114: =G114+I114+K114+M114 -> 0 | P114: =N114+O114 -> 0 | Q114: 2PN
A115: 912B | B115: 129.2 | D115: C3 | F115: =E115*$W$3 -> 0 | G115: =F115*($G$1-$F$3)*$J$1/365 -> 0 | H115: =E115*$W$4 -> 0 | I115: =H115*($G$1-$H$3)*$J$1/365 -> 0 | J115: =E115*$W$5 -> 0 | K115: =J115*($G$1-$J$3)*$J$1/365 -> 0 | L115: =E115*$W$6 -> 0 | M115: =L115*($G$1-$L$3)*$J$1/365 -> 0 | N115: =(F115+H115+J115+L115)*2% -> 0 | O115: =G115+I115+K115+M115 -> 0 | P115: =N115+O115 -> 0 | Q115: 3PN
...

Sheet NV AGAPE
B1: CÔNG TY TNHH AGAPE VIỆT NAM
C3: PHIẾU TÍNH GIÁ SENTOSA SKY PARK
C5: Thời gian áp dụng: Từ ngày 01/07/2023 đến khi có chính sách mới
C7: Nhóm khách hàng: | F7: Cá nhân
C8: Tòa nhà: | F8: CT4
B9: 1 | C9: Họ và tên khách hàng | E9: Dương Hoàng Long
B10: 2 | C10: Mã căn hộ số | F10: 601
B11: 3 | C11: Tầng | F11: =IF(LEFT(F10,3)="12A","12A",IF(LEFT(F10,3)="12B","12B",IF(LEFT(F10,3)="22A","22A",IF(LEFT(F10,3)="22B","22B",IF(LEN(F10)=5,LEFT(F10,2),IF(AND(LEN(F10)=4,VALUE(LEFT(F10,3))>500),LEFT(F10,1),IF(AND(LEN(F10)=4,VALUE(LEFT(F10,3))<500),LEFT(F10,2),LEFT(F10,1)))))))) -> 6
B12: 4 | C12: Diện tích sử dụng (m2) | F12: =VLOOKUP(F10,Sheet2!A5:D608,2,0) -> 102.7
B13: 4.1 | C13: Diện tích sân vườn (m2) | F13: =VLOOKUP(F10,Sheet2!A5:D608,3,0) -> 0
B14: 5 | C14: Ký hiệu loại căn hộ | F14: =VLOOKUP(F10,Sheet2!A5:E608,4,0) -> C1
B15: 5.1 | C15: Loại căn hộ | F15: =VLOOKUP(F10,Sheet2!A5:Q608,9,0) -> 1.3975502e+08
B16: 6 | C16: Tổng giá trị căn hộ (đã bao gồm VAT) | F16: =VLOOKUP(F10,Sheet2!A5:Q608,5,0) -> 4119071560
B17: 6.1 | C17: Giá bán thuần (Giá trị căn hộ trước VAT) | F17: =ROUND(F16/1.1,0) -> 3744610509
B18: 6.2 | C18: Thuế GTGT (Thuế VAT 10%) | F18: =F16-F17 -> 374461051
B19: 7 | C19: CHÍNH SÁCH BÁN HÀNG | F19: =F20+F21+F22 -> 4.4894494e+08 | P19: 1PN | Q19: 2PN | R19: 3PN
B20: 7.1 | C20: Tặng gói SMART | F20: =VLOOKUP(F10,Sheet2!A5:G607,6) -> 205953578 | O20: 2 | P20: 20000000 | Q20: 20000000 | R20: 25000000
B21: 7.2 | C21: Miễn 01 năm phí quản lý | F21: =VLOOKUP(F10,Sheet2!A5:I608,7,0) -> 37037789 | O21: 4 | P21: 50000000 | Q21: 50000000 | R21: 70000000
B22: 8 | C22: Chiết khấu nhân viên Công ty TNHH Agape Việt Nam | E22: 5% | F22: =F16*E22 -> 205953578
B23: 9 | C23: Tổng giá bán căn hộ sau chiết khấu (đã bao gồm VAT) | F23: =F16-F19 -> 3.6701266e+09 | O23: 7 | P23: 70000000 | Q23: 70000000 | R23: 90000000
B24: 9.1 | C24: Đơn giá | F24: =F23/(F12+F13) -> 35736384
B25: 9.2 | C25: Giá bán thuần (Giá trị căn hộ trước VAT) | F25: =ROUND(F23/1.1,0) -> 3336478741 | O25: 8 | P25: 70000000 | Q25: 70000000 | R25: 90000000
B26: 9.3 | C26: Thuế GTGT (Thuế VAT 10%) | F26: =F23-F25 -> 3.3364787e+08 | O26: 9 | P26: 70000000 | Q26: 70000000 | R26: 90000000
B27: ※Không bao gồm phí phát hành sổ hồng
B28: STT | C28: Tiến độ thanh toán | D28: Tỷ lệ thanh toán | E28: Ngày dự kiến thanh toán | F28: Tổng số tiền thanh toán các đợt theo tiến độ
B29: Đặt cọc | C29: Khi ký Đơn đăng ký giữ chỗ | D29: 100 triệu | F29: 100000000
B30: Lần 1 | C30: Khi ký Văn bản thỏa thuận đặt cọc, trong vòng 07 ngày kể từ ngày ký đơn ĐKGC | D30: 10% giá bán căn hộ (đã bao gồm VAT) | F30: =F23*10%-F29 -> 2.6701266e+08
B31: Lần 2 | C31: Trong vòng 30 ngày, kể từ ngày ký TTĐC | D31: 10% giá bán căn hộ (đã bao gồm VAT) | F31: =F23*10% -> 3.6701266e+08
B32: Lần 3 | C32: Khi có thông báo nộp tiền và ký HĐMB | D32: 10% giá bán căn hộ (đã bao gồm VAT) | E32: dự kiến Quý IV/2023 | F32: =F23*10% -> 3.6701266e+08
B33: Lần 4 | C33: Trong vòng 60 ngày, kể từ ngày ký HĐMB | D33: 10% giá bán căn hộ (đã bao gồm VAT) | F33: =F23*10% -> 3.6701266e+08
B34: Lần 5 | C34: Trong vòng 120 ngày, kể từ ngày ký HĐMB | D34: 10% giá bán căn hộ (đã bao gồm VAT) | F34: =F23*10% -> 3.6701266e+08
B35: Lần 6 | C35: Theo thông báo nhận bàn giao căn hộ (Dự kiến quý II/2025) | D35: (1) 45% giá bán căn hộ (đã bao gồm VAT) | F35: =F23*45% -> 1.651557e+09
D36: (2) Kinh Phí bảo trì: 2% giá trị căn hộ (tạm tính) | F36: =F25*2% -> 66729575
D37: Tổng số tiền nộp lần 6 = (1) + (2) | F37: =F35+F36 -> 1.7182866e+09
B38: Lần 7 | C38: Khi khách hàng nhận bìa hồng (Dự kiến quý II/2026) | D38: 5% giá bán căn hộ (đã bao gồm VAT) | F38: =F23*5% -> 1.8350633e+08
B39: TỔNG/TOTAL | F39: =F29+F30+F31+F32+F33+F34+F37+F38 -> 3.7368562e+09
E41: Khách hàng
E42: (Ký và ghi rõ họ tên)
